 Dungeon Crawl Stone Soup version 0.30-a0-972-gf3ab3527aa (webtiles) character file.

Game seed: 16260359850695757557

1511777 Firecrotchwizard the Warmonger (level 27, 222/222 HPs)
             Began as a Gnoll Hunter on Mar 30, 2023.
             Was a High Priest of Okawaru.
             Escaped with the Orb
             ... and 3 runes on Mar 31, 2023!
             The game lasted 05:11:13 (89247 turns).

Firecrotchwizard the Warmonger (Gnoll Hunter)      Turns: 89247, Time: 05:11:14

Health: 222/222    AC: 30    Str: 14    XL:     27
Magic:  45/45      EV: 31    Int: 15    God:    Okawaru [*****.]
Gold:   6371       SH:  5    Dex: 24    Spells: 41/63 levels left

rFire   + . .      SeeInvis +    b - +27 heavy crossbow "Sniper" {heavy, Acc+∞ SInv}
rCold   + + .      Faith    .    (shield currently unavailable)
rNeg    . . .      Spirit   .    n - quicksilver dragon scales
rPois   +          Reflect  +    (no helmet)
rElec   .          Rampage  .    u - +4 dragonskin cloak
rCorr   .          Clarity  +    e - +2 pair of gloves
Will    ++++.                    l - +2 pair of boots "Ivvunguh" {Drain rPois Int+2 SInv}
Stlth   +++                      k - amulet of Fintaitu {Reflect rF+ rC+ SH+5}
HPRegen 0.57/turn                r - +5 ring of evasion
MPRegen 0.29/turn                W - ring of willpower

@: no status effects
A: fangs 1, strong nose, distributed training, clarity, clever 1, cold
resistance 1, mutation resistance 1, inability to drink after injury 1,
MP-powered wands
0: Orb of Zot
}: 3/15 runes: decaying, serpentine, abyssal
a: Renounce Religion, Heroism, Finesse, Duel


You escaped.
You worshipped Okawaru.
Okawaru was extremely pleased with you.
You visited 10 branches of the dungeon, and saw 47 of its levels.
You visited the Abyss 5 times.
You also visited: Ossuary.

You collected 8855 gold pieces.
You spent 2484 gold pieces at shops.

Inventory:

Hand Weapons
 a - the +9 arbalest "Baocae" {penet, rC- Will+ Str+8 Int+4}
   (You took it off a spriggan defender on level 4 of the Depths)

   Str:       It affects your strength (+8).
   Int:       It affects your intelligence (+4).
   rC:        It makes you vulnerable to cold.
   Will:      It increases your willpower.
 b - the +27 heavy crossbow "Sniper" (weapon) {heavy, Acc+∞ SInv}
   (You found it on level 3 of the Vaults)

   Acc+∞: It never misses its target.
   SInv:      It lets you see invisible.
 m - a +4 longbow of flaming
   (You took it off Nessos on level 2 of the Orcish Mines)
 p - a +5 longbow of freezing
   (You took it off a centaur warrior on level 13 of the Dungeon)
Missiles
 f - 10 datura-tipped darts
 h - 5 throwing nets {!d}
 o - 12 boomerangs of dispersal {=f}
 v - 19 curare-tipped darts
 V - 3 silver javelins
 Z - 18 atropa-tipped darts
Armour
 e - a +2 pair of gloves (worn)
   (You found it on level 1 of the Dungeon)
 l - the +2 pair of boots "Ivvunguh" (worn) {Drain rPois Int+2 SInv}
   (You bought it in a shop on level 2 of the Orcish Mines)

   Int:       It affects your intelligence (+2).
   rPois:     It protects you from poison.
   SInv:      It lets you see invisible.
   Drain:     It drains your maximum health when unequipped.
 n - quicksilver dragon scales (worn)
   (You found it on level 1 of the Realm of Zot)
 u - the +4 dragonskin cloak (worn)
   (You took it off Tiamat on level 3 of the Realm of Zot)

   Avatar's Aegis: It grants the wearer a chance to resist fire, cold, poison,
   electricity, acid, and negative energy.
Jewellery
 c - a ring of positive energy {rN+}
   (You found it on level 12 of the Dungeon)
 k - the amulet of Fintaitu (around neck) {Reflect rF+ rC+ SH+5}
   (You acquired it on level 4 of the Depths)

   [amulet of reflection]

   It reflects blocked missile attacks.
   rF:        It protects you from fire.
   rC:        It protects you from cold.
   SH:        It affects your SH (+5).
 r - a +5 ring of evasion (left hand)
   (You found it on level 2 of the Dungeon)
 C - a ring of protection from cold {rC+, !d}
   (You found it on level 11 of the Dungeon)
 W - a ring of willpower (right hand)
   (You found it on level 1 of the Snake Pit)
Wands
 d - a wand of digging (11)
   (You found it on level 1 of the Snake Pit)
 i - a wand of iceblast (9)
   (You found it on level 2 of the Snake Pit)
 j - a wand of polymorph (26)
   (You found it on level 9 of the Dungeon)
 t - a wand of light (12)
   (You found it on level 4 of the Depths)
 y - a wand of mindburst (7)
   (You took it off Maurice on level 9 of the Dungeon)
Scrolls
 g - 4 scrolls of fog
 x - 7 scrolls of brand weapon
 z - a scroll of enchant armour
 A - 2 scrolls of torment {!r}
 D - 6 scrolls of blinking {!r}
 E - 3 scrolls of fear
 K - 11 scrolls of immolation {!r}
 O - 2 scrolls of silence
 Q - a scroll of amnesia
 S - 3 scrolls of poison {!r}
 X - 2 scrolls of magic mapping {@r4!r}
 Y - 3 scrolls of teleportation {@r3}
Potions
 q - 4 potions of cancellation
 B - 4 potions of brilliance
 G - 8 potions of ambrosia {!q}
 H - a potion of haste
 I - 4 potions of invisibility
 J - 5 potions of curing {@q1}
 L - 6 potions of flight
 M - 11 potions of might
 P - 13 potions of lignification {!q}
 R - 4 potions of resistance
 T - 8 potions of berserk rage {!q}
 U - 3 potions of mutation {!q}
Miscellaneous
 s - a tin of tremorstones (2/2)
   (You found it on level 3 of the Elven Halls)
 w - a phial of floods
   (You found it on level 3 of the Elven Halls)
 F - a piece from Xom's chessboard (15/15)
   (You found it on level 3 of the Lair of Beasts)


   Skills:
 + Level 19.3 Fighting
 + Level 18.9 Short Blades
 + Level 18.9 Long Blades
 + Level 18.9 Axes
 + Level 18.9 Maces & Flails
 + Level 18.9 Polearms
 + Level 18.9 Staves
 + Level 20.4 Ranged Weapons
 + Level 18.9 Throwing
 + Level 18.9 Armour
 + Level 19.3 Dodging
 + Level 19.0 Stealth
 + Level 18.9 Shields
 + Level 18.9 Unarmed Combat
 + Level 18.9 Spellcasting
 + Level 16.1 Conjurations
 + Level 16.1 Hexes
 + Level 16.1 Summonings
 + Level 16.1 Necromancy
 + Level 16.1 Translocations
 + Level 16.1 Transmutations
 + Level 16.1 Fire Magic
 + Level 16.1 Ice Magic
 + Level 16.1 Air Magic
 + Level 16.1 Earth Magic
 + Level 16.1 Poison Magic
 + Level 20.4 Invocations
 + Level 18.9 Evocations


You had 41 spell levels left.
You knew the following spells:

 Your Spells              Type           Power      Damage    Failure   Level
a - Portal Projectile     Hex/Tloc       100%       N/A       1%          3
b - Blink                 Tloc           100%       N/A       0%          2
c - Teleport Other        Tloc           58%        N/A       1%          3
d - Passage of Golubria   Tloc           58%        N/A       1%          4
g - Apportation           Tloc           100%       N/A       0%          1
s - Swiftness             Air            58%        N/A       1%          3
w - Passwall              Tmut/Erth      48%        N/A       0%          2
x - Iskenderun's Mystic   Conj/Tloc      58%        2d12      1%          4

Your spell library contained the following spells:

 Spells                   Type           Power      Damage    Failure   Level
 Shock                    Conj/Air       100%       1d9       0%          1
 Cigotuvi's Dreadful Rot  Necr/Pois/Air  100%       N/A       0%          2
 Ensorcelled Hibernation  Hex/Ice        100%       N/A       0%          2
 Momentum Strike          Conj/Tloc      100%       3d10      0%          2
 Poisonous Vapours        Pois/Air       100%       N/A       0%          2
 Scorch                   Fire           100%       2d10      0%          2
 Static Discharge         Conj/Air       100%       2-7/arc   0%          2
 Sublimation of Blood     Necr           58%        N/A       0%          2
 Dazzling Flash           Conj/Hex       100%       N/A       1%          3
 Frozen Ramparts          Ice            100%       1d16      1%          3
 Gell's Gravitas          Tloc           58%        N/A       1%          3
 Hailstorm                Conj/Ice       58%        3d13      1%          3
 Ignite Poison            Fire/Tmut/Pois 58%        N/A       1%          3
 Kindle Blastsparks       Fire/Tloc/Air  100%       2d18      1%          3
 Mephitic Cloud           Conj/Pois/Air  58%        N/A       1%          3
 Spider Form              Tmut/Pois      58%        N/A       1%          3
 Stone Arrow              Conj/Erth      100%       3d13      1%          3
 Vhi's Electric Charge    Tloc/Air       100%       N/A       1%          3
 Airstrike                Air            29%        2d(5-21)  1%          4
 Anguish                  Hex/Necr       29%        N/A       1%          4
 Cause Fear               Hex            29%        N/A       1%          4
 Flame Wave               Conj/Fire      58%        2d14      1%          4
 Fulminant Prism          Conj/Hex       29%        3d13      1%          4
 Ice Form                 Ice/Tmut       58%        N/A       1%          4
 Leda's Liquefaction      Hex/Erth       29%        N/A       1%          4
 Manifold Assault         Tloc           58%        N/A       1%          4
 Olgreb's Toxic Radiance  Pois           58%        N/A       1%          4
 Petrify                  Tmut/Erth      58%        N/A       1%          4
 Sticky Flame             Conj/Fire      58%        2d7       1%          4
 Alistair's Intoxication  Tmut/Pois      38%        N/A       1%          5
 Arcjolt                  Conj/Air       29%        1d39      1%          5
 Blade Hands              Tmut           29%        N/A       1%          5
 Fireball                 Conj/Fire      29%        3d13      1%          5
 Freezing Cloud           Conj/Ice/Air   29%        6-21      1%          5
 Irradiate                Conj/Tmut      29%        3d21      1%          5
 Iskenderun's Battlesphe  Conj           58%        2d11      1%          5
 Lee's Rapid Deconstruct  Erth           29%        3d15*     1%          5
 Metabolic Englaciation   Hex/Ice        29%        N/A       1%          5
 Plasma Beam              Fire/Air       29%        2x1d30    1%          5
 Silence                  Hex/Air        29%        N/A       1%          5
 Conjure Ball Lightning   Conj/Air       29%        3x3d8     1%          6
 Dispersal                Tloc           29%        N/A       1%          6
 Iron Shot                Conj/Erth      29%        9d6       1%          6
 Starburst                Conj/Fire      29%        6d9       1%          6
 Statue Form              Tmut/Erth      38%        N/A       1%          6
 Dragon Form              Tmut           29%        N/A       7%          7
 Orb of Destruction       Conj           29%        9d9       7%          7
 Ozocubu's Refrigeration  Ice            29%        4d13      7%          7
 Storm Form               Tmut/Air       29%        N/A       7%          7
 Disjunction              Tloc           29%        N/A       45%         8
 Ignition                 Fire           29%        3d9       45%         8
 Lehudib's Crystal Spear  Conj/Erth      29%        10d8      45%         8
 Maxwell's Capacitive Co  Air            29%        ∞         45%         8
 Polar Vortex             Ice            29%        N/A       100%        9
 Shatter                  Erth           29%        3d24*     100%        9
 Call Canine Familiar     Summ           Unusable   N/A       N/A         3
 Tukima's Dance           Hex            Unusable   N/A       N/A         3
 Animate Armour           Summ/Erth      Unusable   N/A       N/A         4
 Summon Ice Beast         Ice/Summ       Unusable   N/A       N/A         4
 Summon Lightning Spire   Summ/Air       Unusable   N/A       N/A         4
 Summon Forest            Summ/Tloc      Unusable   N/A       N/A         5
 Simulacrum               Ice/Necr       Unusable   N/A       N/A         6
 Summon Cactus Giant      Summ           Unusable   N/A       N/A         6
 Spellforged Servitor     Conj/Summ      Unusable   N/A       N/A         7
 Dragon's Call            Summ           Unusable   N/A       N/A         9

Dungeon Overview and Level Annotations

Branches:
Dungeon (15/15)            Temple (1/1) D:5            Lair (5/5) D:10
  Swamp (4/4) Lair:2        Snake (4/4) Lair:3        Slime (0/5) Lair:5
    Orc (2/2) D:11            Elf (3/3) Orc:2        Vaults (4/5) D:14
  Crypt (0/3) Vaults:2     Depths (4/4) D:15            Zot (5/5) Depths:4
Ossuary (visited)

Altars:
Ashenzari
Cheibriados
Dithmenos
Elyvilon
Fedhas
Gozag
Hepliaklqana
Kikubaaqudgha
Makhleb
Nemelex Xobeh
Okawaru
Qazlal
Ru
Sif Muna
Trog
Uskayaw
Vehumet
Wu Jian
Xom
Yredelemnul
Zin
The Shining One
Jiyva

Shops:
D:3 *   D:9 :   Orc:2 ([:*:*   Elf:1 *?:=   Snake:3 *   Vaults:1 [(=(
Vaults:3 [   Vaults:4 [=(   Zot:2 ***   Depths:3 *   Depths:4 ==:

Portals:
Hell: Depths:1 Depths:2 Depths:3 Depths:4
Abyss: D:5 Depths:3
Pandemonium: Depths:1 Depths:2 Depths:3
Ziggurat: Depths:2

Annotations:
D:5 2 transporters, cforsyth's ghost, novice FoFi
D:7 1 transporter, exclusion: wight, Duvessa; Maggie
D:13 2 runed translucent doors, exclusion: door
Lair:3 1 runed translucent door, Qook's ghost, journeyman MiBe
Swamp:1 Frances
Swamp:2 2 transporters
Snake:1 1 runed translucent door, Donald; Mavopan's ghost, adept FoHu
Vaults:1 1 runed translucent door, Pixtaico's ghost, adept FeNe
Depths:2 1 exclusion, Mara
Zot:2 3 runed translucent doors, exclusion: obsidian statue, Xapeig's ghost, legendary GrAr
Zot:3 exclusion: 2 upstairs
Zot:4 exclusion: 2 upstairs
Zot:5 exclusion: 2 upstairs


Innate Abilities, Weirdness & Mutations

You have very sharp teeth.
Your uncanny sense of smell can sniff out nearby items.
Your experience applies equally to all skills.
You possess an exceptional clarity of mind.
Your mind is acute. (Int +4, Str/Dex -1)
Your flesh is cold resistant. (rC+)
You are somewhat resistant to further mutation.
You occasionally lose the ability to drink potions when taking damage.
You expend magic power (3 MP) to strengthen your wands.


Message History

Level annotation: 1 transporter, exclusion: wight, Duvessa; Maggie
There is a stone staircase leading down here.
Health restored: 221
There is a stone staircase leading up here.
You climb upwards.
There is a stone staircase leading down here.
(D) Dungeon (T) Temple (L) Lair (S) Swamp (P) Snake Pit (M) Slime Pits (O) Orcish Mines (E) Elven Halls (V) Vaults (C) Crypt (U) Depths (H) Hell (Z) Zot
Where to? (Enter - D:14, ? - help)
There is a stone staircase leading up here.
You climb upwards.
Level annotation: 2 transporters, cforsyth's ghost, novice FoFi
There is a stone staircase leading down here.
(D) Dungeon (T) Temple (L) Lair (S) Swamp (P) Snake Pit (M) Slime Pits (O) Orcish Mines (E) Elven Halls (V) Vaults (C) Crypt (U) Depths (H) Hell (Z) Zot
Where to? (Enter - D:5, ? - help)
A cacodemon and a sixfirhy come into view.
You shoot a bolt. The bolt hits the cacodemon!!!
The kobold shouts!
You shoot a bolt. The bolt hits the cacodemon!!!
You kill the cacodemon!
Okawaru accepts your kill. The sixfirhy closely misses you.
The sixfirhy misses you. The sixfirhy closely misses you.
You block the sixfirhy's attack. The sixfirhy completely misses you.
The sixfirhy closely misses you. The sixfirhy completely misses you.
Your life force feels restored.
You shoot a bolt. The bolt hits the sixfirhy!!
The sixfirhy completely misses you.
Health restored: 222 You shoot a bolt.
The bolt hits the sixfirhy!!!!
You kill the sixfirhy!
Okawaru accepts your kill.
(D) Dungeon (T) Temple (L) Lair (S) Swamp (P) Snake Pit (M) Slime Pits (O) Orcish Mines (E) Elven Halls (V) Vaults (C) Crypt (U) Depths (H) Hell (Z) Zot
Where to? (Enter - D:4, ? - help)
There is a transporter landing site here.
There is a stone staircase leading up here.
You climb upwards.
There is a stone staircase leading down here.
(D) Dungeon (T) Temple (L) Lair (S) Swamp (P) Snake Pit (M) Slime Pits (O) Orcish Mines (E) Elven Halls (V) Vaults (C) Crypt (U) Depths (H) Hell (Z) Zot
Where to? (Enter - D:4, ? - help)
A Koenur, a Brimstone Fiend and a lich come into view.
There is a stone staircase leading up here.
You climb upwards.
Found two altars.
There is a stone staircase leading down here.
There is an opulent altar of Gozag here.
A rock wall.
This square is covered in magical glow.
You begin to meditate on the wall.
You continue meditating on the rock. x2
You finish merging with the rock.
You now have 44/45 mp.
The daeva calls down the wrath of the Shining One upon you.
The Shining One smites you!
You take 15 damage, and have 207/222 hp.
Fire: b) +27 heavy crossbow "Sniper" {heavy, Acc+∞ SInv}
Aim: a daeva, wielding a +3 eudemon blade of holy wrath and wearing a +0 tower shield (haloed, 100% to hit)
You shoot a bolt. The bolt hits the daeva!!!!
You regained 2 hp, and now have 209/222 hp.
MP restored: 45 Fire: b) +27 heavy crossbow "Sniper" {heavy, Acc+∞ SInv}
Aim: a daeva, wielding a +3 eudemon blade of holy wrath and wearing a +0 tower shield (almost dead, haloed, 100% to hit)
You shoot a bolt. The bolt hits the daeva!!!!
You kill the daeva!
Okawaru accepts your kill.
There is a stone staircase leading up here.
You climb upwards.
There is a stone staircase leading down here.
(D) Dungeon (T) Temple (L) Lair (S) Swamp (P) Snake Pit (M) Slime Pits (O) Orcish Mines (E) Elven Halls (V) Vaults (C) Crypt (U) Depths (H) Hell (Z) Zot
Where to? (Enter - D:3, ? - help)
There is a stone staircase leading up here.
You climb upwards.
A glowing orange brain comes into view.
There is a stone staircase leading down here.
Health restored: 222 Fire: b) +27 heavy crossbow "Sniper" {heavy, Acc+∞ SInv}
Aim: a glowing orange brain (100% to hit)
You shoot a bolt.
The bolt hits the glowing orange brain!!!
Fire: b) +27 heavy crossbow "Sniper" {heavy, Acc+∞ SInv}
Aim: a glowing orange brain (almost dead, 100% to hit)
You shoot a bolt.
The bolt hits the glowing orange brain!!
You kill the glowing orange brain!
Okawaru accepts your kill.
There is a staircase leading out of the dungeon here.
You have escaped!

#######.......# #....#.
##.......# #....#. #########
###........### #....#.
........####............###....#.
..........................#....#.
.....................##..........
.......>...#......⌠..........#...
........##.#...............#.....
........##....∩.@>.........##....
........##.#...............[....#
######.....#......⌠.............#
#.######...................#
#.##....#......######.......
#.##+##+#.####### ####....
#.#.............# #....
#.#.............# #####
#...............# #....


There were no monsters in sight!

Vanquished Creatures
  2 dread liches (Zot:5)
  7 orbs of fire
  Tiamat (Zot:3)
  An ancient lich (Depths:2)
  Mennas (Vaults:4)
  A juggernaut (Depths:4)
  Josephina (Zot:4)
  6 Killer Klowns
  Bai Suzhen (Vaults:2)
  2 pandemonium lords
  2 curse toes (Zot:5)
  A caustic shrike (Depths:4)
  15 golden dragons
  A Brimstone Fiend (D:14)
  A bone dragon (Abyss:5)
  A hellephant (Zot:5)
  5 electric golems
  Jorgrun (D:11)
  23 tentacled monstrosities
  A walking frostbound tome (Depths:3)
  4 liches
  2 titans (Depths:3)
  A walking earthen tome (Depths:4)
  2 deep elf master archers (Elf:3)
  6 quicksilver dragons
  26 Orb Guardians
  A deep elf blademaster (Elf:3)
  8 death cobs
  Agnes (Elf:1)
  6 sphinxes
  An Executioner (Abyss:5)
  2 tentacled starspawn
  7 tengu reavers
  3 thorn hunters
  8 draconian monks
  11 storm dragons
  11 shadow dragons
  9 draconian knights
  A daeva (D:3)
  2 nagarajas (Snake:4)
  3 iron dragons (Depths:4)
  7 fire giants
  7 deep elf sorcerers
  5 frost giants
  Louise (Swamp:1)
  6 vault wardens
  Aizul (Vaults:3)
  7 draconian scorchers
  6 ghost moths
  2 cacodemons
  8 draconian shifters
  5 deep elf elementalists (Elf:3)
  4 orc warlords
  8 draconian stormcallers
  4 spriggan defenders
  11 very ugly things
  13 ironbound preservers
  14 draconian annihilators
  2 war gargoyles (Vaults:1)
  9 ironbound thunderhulks
  17 green draconians
  11 stone giants
  4 deep elf demonologists
  21 purple draconians
  4 eleionomae
  Nessos (Orc:2)
  8 dire elephants (Vaults:4)
  4 bunyips
  18 black draconians
  21 white draconians
  Azrael (Elf:2)
  5 deep elf annihilators (Elf:3)
  14 yellow draconians
  17 red draconians
  3 deep elf death magi (Elf:3)
  9 spark wasps
  A merfolk javelineer (Depths:3)
  2 merfolk impalers (Depths:1)
  Snorg (D:14)
  6 jiangshi
  6 ettins
  A blizzard demon (D:8)
  14 yaktaur captains
  20 fire dragons
  7 deep elf high priests
  11 vault guards
  3 entropy weavers
  Fannar (Lair:3)
  6 great orbs of eyes
  4 rakshasas
  22 hydras
  2 peacekeepers
  4 salamander tyrants
  2 spriggan air magi
  5 ice dragons
  A ghost crab (Lair:2)
  2 catoblepae
  41 dancing weapons
  9 ironbound frosthearts
  15 anacondas
  2 ogre magi (Vaults:3)
  7 two-headed ogres
  6 alligators
  Erica (D:11)
  10 centaur warriors
  11 naga warriors
  5 boulder beetles
  10 deep troll earth magi
  3 tengu warriors
  3 vampire magi
  4 death yaks (Lair:1)
  Urug (D:11)
  8 naga sharpshooters
  9 deep troll shamans
  6 thrashing horrors (Abyss:5)
  4 orc high priests
  5 spriggan berserkers
  6 hell knights
  9 shock serpents
  Sonja (D:13)
  A titan zombie (Vaults:4)
  A shock serpent (shapeshifter) (Vaults:3)
  8 deep elf knights
  4 wretched stars (Abyss:5)
  5 goliath frogs
  2 skysharks (Lair:3)
  2 fire crabs
  11 iron trolls
  8 salamander mystics
  53 deep trolls
  5 sixfirhies
  3 sun demons
  2 spatial maelstroms
  A death drake (shapeshifter) (Depths:4)
  4 spriggan druids
  3 glowing orange brains
  4 deep elf archers
  4 death drakes
  A flayed ghost (Depths:4)
  5 naga ritualists
  7 wizards
  6 swamp dragons
  10 ironbound convokers
  3 bog bodies
  20 lindwurms
  A phantasmal warrior (Vaults:4)
  A necromancer (Vaults:4)
  Pikel (D:7)
  21 deep elf zephyrmancers
  16 orc knights
  19 salamanders
  11 mana vipers
  19 deep elf pyromancers
  4 will-o-the-wisps
  5 orc sorcerers
  21 ugly things
  28 moths of wrath
  7 cyclopes
  3 manticores
  10 guardian serpents
  Maurice (D:9)
  A guardian serpent (shapeshifter) (Vaults:3)
  12 elephants
  A rust devil (Depths:2)
  41 black mambas
  22 vault sentinels
  11 naga magi
  7 smoke demons
  3 unseen horrors (Depths:3)
  12 komodo dragons
  3 molten gargoyles
  4 rime drakes
  9 cane toads
  3 efreet
  36 yaktaurs
  2 freezing wraiths (D:15)
  A golden dragon simulacrum (Zot:4)
  An ancient zyme (Abyss:3)
  2 red devils (Depths:2)
  A tormentor (Depths:2)
  3 tengu conjurers
  A hellwing (Depths:2)
  A tarantella (shapeshifter) (Vaults:3)
  10 hornets
  A bloated husk (Swamp:4)
  10 trolls
  6 dream sheep (Lair:3)
  5 blink frogs (Lair:1)
  10 large abominations
  5 tyrant leeches
  8 raiju
  A blink frog (shapeshifter) (Depths:2)
  A jumping spider (Vaults:3)
  3 air elementals
  10 flying skulls (Abyss:3)
  46 slime creatures
  2 ynoxinuls (Abyss:3)
  A shadow (D:10)
  9 small abominations
  A spriggan (shapeshifter) (Vaults:3)
  10 spriggans
  10 water elementals
  42 yaks
  2 vampires
  6 wyverns
  3 fire elementals
  8 basilisks
  3 wraiths
  2 fire bats (Swamp:4)
  3 neqoxecs
  3 redbacks (Vaults:3)
  7 chaos spawn
  A red draconian simulacrum (Zot:4)
  14 vampire mosquitoes
  A yellow draconian simulacrum (Zot:4)
  A spectral cane toad (Lair:2)
  31 nagas
  4 steam dragons
  5 wargs
  14 swamp worms
  4 acid dragons
  16 water moccasins
  A moth of wrath simulacrum (Zot:4)
  58 orc warriors
  A spectral yak (Lair:2)
  A glowing shapeshifter skeleton (Vaults:4)
  7 hell hounds
  12 swamp drakes
  3 sky beasts
  A spectral torpor snail (Lair:2)
  2 ice beasts
  3 black bears
  8 ogres
  10 wolves
  7 centaurs
  14 starcursed masses (Abyss:3)
  A phantom (D:6)
  2 lemures (D:7)
  2 kobold brigands
  10 bullfrogs
  A spectral water moccasin (Lair:2)
  A human skeleton (Vaults:4)
  5 earth elementals
  2 scorpions
  2 gnoll sergeants
  3 wights (D:8)
  15 killer bees (D:8)
  4 howler monkeys
  8 electric eels
  6 lava snakes
  5 hounds
  33 orc priests
  An iron imp (Abyss:3)
  A gnoll bouda (D:6)
  3 sleepcaps (D:6)
  2 iguanas
  32 orc wizards
  9 mummies
  14 gnolls
  6 adders
  An ufetubus (D:7)
  2 worms (D:2)
  5 dart slugs
  87 orcs
  3 bats
  7 endoplasms
  A giant cockroach (D:1)
  A gnoll zombie (Ossuary)
  9 goblins
  9 hobgoblins
  8 jackals
  15 kobolds
  5 quokkas
  6 ball pythons
  5 frilled lizards
  2 hobgoblin zombies (Ossuary)
  3 kobold zombies (Ossuary)
  2 orc zombies (Ossuary)
  5 rats
  2 lurking horrors (Abyss:3)
2075 creatures vanquished.

Vanquished Creatures (others)
  A lich (Depths:2)
  An ice dragon (Depths:2)
  A deep troll earth mage (Depths:2)
  A deep troll (Depths:3)
  2 bloated husks
  4 water elementals (Depths:1)
  A golden eye (Abyss:3)
  3 swamp drakes (Swamp:4)
  3 kobolds (D:9)
  16 foxfires
  43 fungi
  145 plants
  12 starspawn tentacles
233 creatures vanquished.

Grand Total: 2308 creatures vanquished

Notes
Turn   | Place    | Note
-------+----------+-------------------------------------------
     0 | D:1      | Firecrotchwizard the Gnoll Hunter began the quest for the
                  | Orb.
     0 | D:1      | Reached XP level 1. HP: 20/20 MP: 1/1
   258 | D:1      | Reached XP level 2. HP: 26/26 MP: 2/2
   595 | D:1      | Reached XP level 3. HP: 31/31 MP: 3/3
   751 | D:2      | Identified the amulet "Cimmy" {Reflect Int+4 SH+5}
   815 | D:2      | Reached skill level 1 in Invocations
   973 | D:2      | Reached skill level 1 in Short Blades
   973 | D:2      | Reached skill level 1 in Long Blades
   973 | D:2      | Reached skill level 1 in Axes
   973 | D:2      | Reached skill level 1 in Maces & Flails
   973 | D:2      | Reached skill level 1 in Polearms
   973 | D:2      | Reached skill level 1 in Staves
   973 | D:2      | Reached skill level 1 in Throwing
   973 | D:2      | Reached skill level 1 in Armour
   973 | D:2      | Reached skill level 1 in Shields
   973 | D:2      | Reached skill level 1 in Unarmed Combat
   973 | D:2      | Reached skill level 1 in Spellcasting
   973 | D:2      | Reached skill level 1 in Evocations
  1015 | D:2      | Reached XP level 4. HP: 30/38 MP: 5/5
  1472 | D:2      | Reached skill level 1 in Conjurations
  1472 | D:2      | Reached skill level 1 in Hexes
  1472 | D:2      | Reached skill level 1 in Summonings
  1472 | D:2      | Reached skill level 1 in Necromancy
  1472 | D:2      | Reached skill level 1 in Translocations
  1472 | D:2      | Reached skill level 1 in Transmutations
  1472 | D:2      | Reached skill level 1 in Fire Magic
  1472 | D:2      | Reached skill level 1 in Ice Magic
  1472 | D:2      | Reached skill level 1 in Air Magic
  1472 | D:2      | Reached skill level 1 in Earth Magic
  1472 | D:2      | Reached skill level 1 in Poison Magic
  1797 | D:3      | Found Rauch's General Store.
  1957 | D:3      | Found a bloodstained altar of Trog.
  1958 | D:3      | Found an opulent altar of Gozag.
  2051 | D:3      | Found a faded altar of an unknown god.
  2234 | D:4      | Identified a scroll of acquirement
  2234 | D:4      | Acquired the ring "Taokhlauj" {rPois AC+4 Int+3 SInv}
  2332 | D:4      | Reached XP level 5. HP: 43/43 MP: 7/7
  2598 | D:4      | Found a sand-covered staircase.
  2609 | Ossuary  | Entered an ossuary
  2613 | Ossuary  | Reached skill level 2 in Invocations
  2636 | Ossuary  | Reached skill level 3 in Stealth
  2642 | Ossuary  | Reached XP level 6. HP: 50/50 MP: 8/8
  2761 | Ossuary  | Reached skill level 5 in Fighting
  2761 | Ossuary  | Reached skill level 5 in Dodging
  2769 | Ossuary  | Reached skill level 2 in Short Blades
  2769 | Ossuary  | Reached skill level 2 in Long Blades
  2769 | Ossuary  | Reached skill level 2 in Axes
  2769 | Ossuary  | Reached skill level 2 in Maces & Flails
  2769 | Ossuary  | Reached skill level 2 in Polearms
  2769 | Ossuary  | Reached skill level 2 in Staves
  2769 | Ossuary  | Reached skill level 2 in Throwing
  2769 | Ossuary  | Reached skill level 2 in Armour
  2769 | Ossuary  | Reached skill level 2 in Shields
  2769 | Ossuary  | Reached skill level 2 in Unarmed Combat
  2769 | Ossuary  | Reached skill level 2 in Spellcasting
  2769 | Ossuary  | Reached skill level 2 in Evocations
  3192 | D:5      | Entered Level 5 of the Dungeon
  3314 | D:5      | Reached XP level 7. HP: 51/56 MP: 10/10
  3341 | D:5      | Found a staircase to the Ecumenical Temple.
  3355 | Temple   | Entered the Ecumenical Temple
  3355 | Temple   | Found a transporter.
  3355 | Temple   | Found a transporter.
  3357 | Temple   | Found a transporter.
  3357 | Temple   | Found a transporter.
  3395 | Temple   | Became a worshipper of Warmaster Okawaru
  3490 | D:5      | Noticed cforsyth's ghost (novice FoFi)
  3504 | D:5      | Found a one-way gate to the infinite horrors of the Abyss.
  3551 | D:5      | Found a transporter.
  3551 | D:5      | Found a transporter.
  3602 | D:5      | Reached skill level 2 in Conjurations
  3602 | D:5      | Reached skill level 2 in Hexes
  3602 | D:5      | Reached skill level 2 in Summonings
  3602 | D:5      | Reached skill level 2 in Necromancy
  3602 | D:5      | Reached skill level 2 in Translocations
  3602 | D:5      | Reached skill level 2 in Transmutations
  3602 | D:5      | Reached skill level 2 in Fire Magic
  3602 | D:5      | Reached skill level 2 in Ice Magic
  3602 | D:5      | Reached skill level 2 in Air Magic
  3602 | D:5      | Reached skill level 2 in Earth Magic
  3602 | D:5      | Reached skill level 2 in Poison Magic
  4099 | D:6      | Reached skill level 9 in Ranged Weapons
  4099 | D:6      | Reached skill level 3 in Invocations
  4112 | D:6      | Reached * piety under Okawaru
  4309 | D:6      | Reached skill level 3 in Short Blades
  4309 | D:6      | Reached skill level 3 in Long Blades
  4309 | D:6      | Reached skill level 3 in Axes
  4309 | D:6      | Reached skill level 3 in Maces & Flails
  4309 | D:6      | Reached skill level 3 in Polearms
  4309 | D:6      | Reached skill level 3 in Staves
  4309 | D:6      | Reached skill level 3 in Throwing
  4309 | D:6      | Reached skill level 3 in Armour
  4309 | D:6      | Reached skill level 3 in Shields
  4309 | D:6      | Reached skill level 3 in Unarmed Combat
  4309 | D:6      | Reached skill level 3 in Spellcasting
  4309 | D:6      | Reached skill level 3 in Evocations
  4309 | D:6      | Reached XP level 8. HP: 59/63 MP: 12/12
  4546 | D:6      | Reached skill level 4 in Stealth
  4761 | D:6      | Reached ** piety under Okawaru
  5081 | D:6      | Found a white marble altar of Elyvilon.
  5252 | D:6      | Reached skill level 3 in Conjurations
  5252 | D:6      | Reached skill level 3 in Hexes
  5252 | D:6      | Reached skill level 3 in Summonings
  5252 | D:6      | Reached skill level 3 in Necromancy
  5252 | D:6      | Reached skill level 3 in Translocations
  5252 | D:6      | Reached skill level 3 in Transmutations
  5252 | D:6      | Reached skill level 3 in Fire Magic
  5252 | D:6      | Reached skill level 3 in Ice Magic
  5252 | D:6      | Reached skill level 3 in Air Magic
  5252 | D:6      | Reached skill level 3 in Earth Magic
  5252 | D:6      | Reached skill level 3 in Poison Magic
  5252 | D:6      | Reached skill level 4 in Invocations
  5410 | D:7      | Noticed Pikel
  5429 | D:7      | Killed Pikel
  5429 | D:7      | Reached *** piety under Okawaru
  5430 | D:7      | Reached skill level 6 in Fighting
  5430 | D:7      | Reached skill level 4 in Short Blades
  5430 | D:7      | Reached skill level 4 in Long Blades
  5430 | D:7      | Reached skill level 4 in Axes
  5430 | D:7      | Reached skill level 4 in Maces & Flails
  5430 | D:7      | Reached skill level 4 in Polearms
  5430 | D:7      | Reached skill level 4 in Staves
  5430 | D:7      | Reached skill level 4 in Throwing
  5430 | D:7      | Reached skill level 4 in Armour
  5430 | D:7      | Reached skill level 6 in Dodging
  5430 | D:7      | Reached skill level 4 in Shields
  5430 | D:7      | Reached skill level 4 in Unarmed Combat
  5430 | D:7      | Reached skill level 4 in Spellcasting
  5430 | D:7      | Reached skill level 4 in Evocations
  5430 | D:7      | Reached XP level 9. HP: 32/69 MP: 13/15
  5572 | D:7      | Found a transporter.
  5572 | D:7      | Noticed Duvessa
  5772 | D:7      | Reached skill level 5 in Stealth
  5875 | D:7      | Learned a level 2 spell: Passwall
  6127 | D:7      | Reached skill level 5 in Invocations
  6177 | D:7      | Noticed Maggie
  6484 | D:8      | Found a hazy altar of Hepliaklqana.
  6673 | D:8      | Noticed a two-headed ogre
  6676 | D:8      | Received a gift from Okawaru
  6695 | D:8      | Killed a two-headed ogre
  6695 | D:8      | Reached **** piety under Okawaru
  6696 | D:8      | Reached skill level 5 in Short Blades
  6696 | D:8      | Reached skill level 5 in Long Blades
  6696 | D:8      | Reached skill level 5 in Axes
  6696 | D:8      | Reached skill level 5 in Maces & Flails
  6696 | D:8      | Reached skill level 5 in Polearms
  6696 | D:8      | Reached skill level 5 in Staves
  6696 | D:8      | Reached skill level 10 in Ranged Weapons
  6696 | D:8      | Reached skill level 5 in Throwing
  6696 | D:8      | Reached skill level 5 in Armour
  6696 | D:8      | Reached skill level 5 in Shields
  6696 | D:8      | Reached skill level 5 in Unarmed Combat
  6696 | D:8      | Reached skill level 5 in Spellcasting
  6696 | D:8      | Reached skill level 4 in Conjurations
  6696 | D:8      | Reached skill level 4 in Hexes
  6696 | D:8      | Reached skill level 4 in Summonings
  6696 | D:8      | Reached skill level 4 in Necromancy
  6696 | D:8      | Reached skill level 4 in Translocations
  6696 | D:8      | Reached skill level 4 in Transmutations
  6696 | D:8      | Reached skill level 4 in Fire Magic
  6696 | D:8      | Reached skill level 4 in Ice Magic
  6696 | D:8      | Reached skill level 4 in Air Magic
  6696 | D:8      | Reached skill level 4 in Earth Magic
  6696 | D:8      | Reached skill level 4 in Poison Magic
  6696 | D:8      | Reached skill level 5 in Evocations
  6696 | D:8      | Reached XP level 10. HP: 69/77 MP: 15/17
  6702 | D:8      | Reached skill level 7 in Fighting
  6702 | D:8      | Reached skill level 7 in Dodging
  6875 | D:8      | Found a sacrificial altar of Ru.
  7123 | D:8      | Reached ***** piety under Okawaru
  7124 | D:8      | Reached skill level 6 in Stealth
  7124 | D:8      | Reached skill level 6 in Invocations
  7599 | D:8      | Received a gift from Okawaru
  7723 | D:9      | Noticed a two-headed ogre
  7731 | D:9      | Killed a two-headed ogre
  7731 | D:9      | Received a gift from Okawaru
  7793 | D:9      | Got Sif Muna's Teachings on Venom and the Geodesic
  7797 | D:9      | Learned a level 2 spell: Blink
  8224 | D:9      | Noticed Maurice
  8295 | D:9      | Killed Maurice
  8296 | D:9      | Reached skill level 6 in Short Blades
  8296 | D:9      | Reached skill level 6 in Long Blades
  8296 | D:9      | Reached skill level 6 in Axes
  8296 | D:9      | Reached skill level 6 in Maces & Flails
  8296 | D:9      | Reached skill level 6 in Polearms
  8296 | D:9      | Reached skill level 6 in Staves
  8296 | D:9      | Reached skill level 6 in Throwing
  8296 | D:9      | Reached skill level 6 in Armour
  8296 | D:9      | Reached skill level 6 in Shields
  8296 | D:9      | Reached skill level 6 in Unarmed Combat
  8296 | D:9      | Reached skill level 6 in Spellcasting
  8296 | D:9      | Reached skill level 6 in Evocations
  8374 | D:9      | Found Obiobb's Book Emporium.
  8383 | D:9      | Bought a book of Weapons for 336 gold pieces
  8387 | D:9      | Learned a level 3 spell: Portal Projectile
  8490 | D:9      | Reached skill level 5 in Conjurations
  8490 | D:9      | Reached skill level 5 in Hexes
  8490 | D:9      | Reached skill level 5 in Summonings
  8490 | D:9      | Reached skill level 5 in Necromancy
  8490 | D:9      | Reached skill level 5 in Translocations
  8490 | D:9      | Reached skill level 5 in Transmutations
  8490 | D:9      | Reached skill level 5 in Fire Magic
  8490 | D:9      | Reached skill level 5 in Ice Magic
  8490 | D:9      | Reached skill level 5 in Air Magic
  8490 | D:9      | Reached skill level 5 in Earth Magic
  8490 | D:9      | Reached skill level 5 in Poison Magic
  8650 | D:10     | Entered Level 10 of the Dungeon
  8673 | D:10     | Found a staircase to the Lair.
  8718 | D:10     | Reached XP level 11. HP: 85/85 MP: 20/20
  8757 | Lair:1   | Entered Level 1 of the Lair of Beasts
  9030 | D:10     | Found a flagged portal.
  9058 | D:10     | Found a blossoming altar of Fedhas.
  9086 | D:10     | Reached skill level 7 in Invocations
  9100 | D:10     | Identified the +0 plate armour of the Well-Known Bones
                  | {Dex+3 Stlth+} (Okawaru gifted it to you on level 10 of the
                  | Dungeon)
  9100 | D:10     | Received a gift from Okawaru
  9101 | D:10     | Reached skill level 8 in Fighting
  9101 | D:10     | Reached skill level 8 in Dodging
  9297 | D:10     | Found a snail-covered altar of Cheibriados.
  9669 | D:10     | Acquired 743 gold pieces
  9823 | D:10     | Reached skill level 7 in Stealth
 10276 | Lair:1   | Reached skill level 11 in Ranged Weapons
 10534 | Lair:1   | Noticed a death yak
 10540 | Lair:1   | Noticed a death yak
 10590 | Lair:1   | Noticed a death yak
 10590 | Lair:1   | HP: 17/87 [death yak (16)]
 10591 | Lair:1   | Noticed a death yak
 10824 | D:11     | Noticed a two-headed ogre
 10833 | D:11     | Killed a two-headed ogre
 10834 | D:11     | Reached skill level 7 in Short Blades
 10834 | D:11     | Reached skill level 7 in Long Blades
 10834 | D:11     | Reached skill level 7 in Axes
 10834 | D:11     | Reached skill level 7 in Maces & Flails
 10834 | D:11     | Reached skill level 7 in Polearms
 10834 | D:11     | Reached skill level 7 in Staves
 10834 | D:11     | Reached skill level 7 in Throwing
 10834 | D:11     | Reached skill level 7 in Armour
 10834 | D:11     | Reached skill level 7 in Shields
 10834 | D:11     | Reached skill level 7 in Unarmed Combat
 10834 | D:11     | Reached skill level 7 in Spellcasting
 10834 | D:11     | Reached skill level 7 in Evocations
 11031 | D:11     | Noticed a two-headed ogre
 11042 | D:11     | Killed a two-headed ogre
 11043 | D:11     | Reached XP level 12. HP: 94/94 MP: 20/22
 11104 | D:11     | Received a gift from Okawaru
 11105 | D:11     | Reached skill level 6 in Conjurations
 11105 | D:11     | Reached skill level 6 in Hexes
 11105 | D:11     | Reached skill level 6 in Summonings
 11105 | D:11     | Reached skill level 6 in Necromancy
 11105 | D:11     | Reached skill level 6 in Translocations
 11105 | D:11     | Reached skill level 6 in Transmutations
 11105 | D:11     | Reached skill level 6 in Fire Magic
 11105 | D:11     | Reached skill level 6 in Ice Magic
 11105 | D:11     | Reached skill level 6 in Air Magic
 11105 | D:11     | Reached skill level 6 in Earth Magic
 11105 | D:11     | Reached skill level 6 in Poison Magic
 11263 | D:11     | Reached skill level 8 in Invocations
 11631 | D:11     | Found a staircase to the Orcish Mines.
 12117 | D:12     | Learned a level 1 spell: Apportation
 12121 | D:12     | Learned a level 3 spell: Swiftness
 12125 | D:12     | Learned a level 3 spell: Teleport Other
 12231 | D:12     | Reached skill level 8 in Stealth
 12252 | D:12     | Reached skill level 9 in Fighting
 12252 | D:12     | Reached skill level 9 in Dodging
 12805 | D:13     | Noticed a two-headed ogre
 12809 | D:13     | Killed a two-headed ogre
 12829 | D:13     | Noticed Sonja
 12901 | D:13     | Noticed a centaur warrior
 12904 | D:13     | Noticed a boulder beetle
 13014 | D:13     | Noticed a boulder beetle
 13032 | D:13     | Killed a boulder beetle
 13032 | D:13     | Received a gift from Okawaru
 13094 | D:13     | Killed Sonja
 13095 | D:13     | Reached skill level 8 in Short Blades
 13095 | D:13     | Reached skill level 8 in Long Blades
 13095 | D:13     | Reached skill level 8 in Axes
 13095 | D:13     | Reached skill level 8 in Maces & Flails
 13095 | D:13     | Reached skill level 8 in Polearms
 13095 | D:13     | Reached skill level 8 in Staves
 13095 | D:13     | Reached skill level 8 in Throwing
 13095 | D:13     | Reached skill level 8 in Armour
 13095 | D:13     | Reached skill level 8 in Shields
 13095 | D:13     | Reached skill level 8 in Unarmed Combat
 13095 | D:13     | Reached skill level 8 in Spellcasting
 13095 | D:13     | Reached skill level 8 in Evocations
 13109 | D:13     | Killed a centaur warrior
 13155 | D:13     | Killed a boulder beetle
 13156 | D:13     | Reached XP level 13. HP: 101/101 MP: 25/25
 13307 | D:13     | Reached skill level 9 in Invocations
 13571 | D:13     | Reached skill level 7 in Conjurations
 13571 | D:13     | Reached skill level 7 in Hexes
 13571 | D:13     | Reached skill level 7 in Summonings
 13571 | D:13     | Reached skill level 7 in Necromancy
 13571 | D:13     | Reached skill level 7 in Translocations
 13571 | D:13     | Reached skill level 7 in Transmutations
 13571 | D:13     | Reached skill level 7 in Fire Magic
 13571 | D:13     | Reached skill level 7 in Ice Magic
 13571 | D:13     | Reached skill level 7 in Air Magic
 13571 | D:13     | Reached skill level 7 in Earth Magic
 13571 | D:13     | Reached skill level 7 in Poison Magic
 13712 | D:13     | Identified the +0 ring mail "Esimoasm" {rF- rC+ Str+6
                  | Stlth+} (Okawaru gifted it to you on level 13 of the
                  | Dungeon)
 13712 | D:13     | Received a gift from Okawaru
 13935 | D:13     | Found a large runed translucent door.
 13935 | D:13     | Found a large runed translucent door.
 14109 | D:14     | Noticed Snorg
 14320 | D:14     | Killed Snorg
 14321 | D:14     | Reached skill level 12 in Ranged Weapons
 14367 | D:14     | Reached skill level 9 in Stealth
 14864 | D:14     | Reached skill level 10 in Fighting
 14864 | D:14     | Reached skill level 10 in Dodging
 14996 | D:14     | Found a gate to the Vaults.
 14996 | D:14     | Noticed a vault guard
 14996 | D:14     | Noticed a vault guard
 14996 | D:14     | Noticed a vault guard
 14996 | D:14     | Noticed a vault guard
 15608 | Lair:1   | Reached skill level 9 in Short Blades
 15608 | Lair:1   | Reached skill level 9 in Long Blades
 15608 | Lair:1   | Reached skill level 9 in Axes
 15608 | Lair:1   | Reached skill level 9 in Maces & Flails
 15608 | Lair:1   | Reached skill level 9 in Polearms
 15608 | Lair:1   | Reached skill level 9 in Staves
 15608 | Lair:1   | Reached skill level 9 in Throwing
 15608 | Lair:1   | Reached skill level 9 in Armour
 15608 | Lair:1   | Reached skill level 9 in Shields
 15608 | Lair:1   | Reached skill level 9 in Unarmed Combat
 15608 | Lair:1   | Reached skill level 9 in Spellcasting
 15608 | Lair:1   | Reached skill level 9 in Evocations
 16085 | Lair:2   | Reached XP level 14. HP: 101/110 MP: 27/27
 16452 | Lair:2   | Reached skill level 10 in Invocations
 16461 | Lair:2   | Found a staircase to the Swamp.
 16634 | Lair:3   | Noticed Fannar
 16676 | Lair:3   | Killed Fannar
 16676 | Lair:3   | Identified the +0 robe of the Sea {+Inv rElec MP+9 Dex+2}
                  | (Okawaru gifted it to you on level 3 of the Lair of Beasts)
 16676 | Lair:3   | Received a gift from Okawaru
 16865 | Lair:3   | Found a runed translucent door.
 16931 | Lair:3   | Noticed Qook's ghost (journeyman MiBe)
 17306 | Lair:3   | Found a staircase to the Snake Pit.
 18752 | Lair:4   | Reached skill level 8 in Conjurations
 18752 | Lair:4   | Reached skill level 8 in Hexes
 18752 | Lair:4   | Reached skill level 8 in Summonings
 18752 | Lair:4   | Reached skill level 8 in Necromancy
 18752 | Lair:4   | Reached skill level 8 in Translocations
 18752 | Lair:4   | Reached skill level 8 in Transmutations
 18752 | Lair:4   | Reached skill level 8 in Fire Magic
 18752 | Lair:4   | Reached skill level 8 in Ice Magic
 18752 | Lair:4   | Reached skill level 8 in Air Magic
 18752 | Lair:4   | Reached skill level 8 in Earth Magic
 18752 | Lair:4   | Reached skill level 8 in Poison Magic
 19051 | Lair:4   | Reached skill level 10 in Stealth
 19533 | Lair:5   | Entered Level 5 of the Lair of Beasts
 19671 | Lair:5   | Found a viscous altar of Jiyva.
 19671 | Lair:5   | Found a staircase to the Slime Pits.
 19735 | Lair:5   | Found a basalt altar of Yredelemnul.
 19815 | Lair:5   | Identified the +5 ice dragon scales of Prudence {rF- rC++
                  | Int+2} (Okawaru gifted it to you on level 5 of the Lair of
                  | Beasts)
 19815 | Lair:5   | Received a gift from Okawaru
 20841 | Lair:5   | Found a large runed translucent door.
 20971 | Lair:5   | Reached skill level 11 in Fighting
 20971 | Lair:5   | Reached skill level 11 in Dodging
 21047 | Lair:5   | Reached skill level 10 in Short Blades
 21047 | Lair:5   | Reached skill level 10 in Long Blades
 21047 | Lair:5   | Reached skill level 10 in Axes
 21047 | Lair:5   | Reached skill level 10 in Maces & Flails
 21047 | Lair:5   | Reached skill level 10 in Polearms
 21047 | Lair:5   | Reached skill level 10 in Staves
 21047 | Lair:5   | Reached skill level 10 in Throwing
 21047 | Lair:5   | Reached skill level 10 in Armour
 21047 | Lair:5   | Reached skill level 10 in Shields
 21047 | Lair:5   | Reached skill level 10 in Unarmed Combat
 21047 | Lair:5   | Reached skill level 10 in Spellcasting
 21047 | Lair:5   | Reached skill level 10 in Evocations
 21139 | Lair:5   | Reached skill level 13 in Ranged Weapons
 21182 | Lair:5   | Found a large runed translucent door.
 21643 | Orc:1    | Entered Level 1 of the Orcish Mines
 21643 | Orc:1    | Noticed Urug
 21662 | D:11     | Reached XP level 15. HP: 114/118 MP: 29/29
 21669 | D:11     | Killed Urug
 21670 | D:11     | Reached skill level 11 in Invocations
 21971 | Orc:1    | Noticed Erica
 21981 | Orc:1    | Noticed Jorgrun
 22017 | D:11     | Upgraded the game from 0.30-a0-956-gcec3b41aec to
                  | 0.30-a0-964-gd452b5e7fa
 22998 | Swamp:1  | Entered Level 1 of the Swamp
 23035 | Swamp:1  | Noticed Louise
 23044 | Swamp:1  | Noticed Frances
 23236 | Swamp:2  | Noticed a tentacled monstrosity
 23269 | Swamp:2  | Killed a tentacled monstrosity
 23502 | Lair:2   | Received a gift from Okawaru
 23620 | Abyss:3  | Cast into level 3 of the Abyss (Louise)
 23669 | Abyss:3  | Noticed a tentacled starspawn
 24014 | Abyss:3  | Noticed a tentacled starspawn
 24027 | Swamp:1  | Escaped the Abyss
 24200 | Snake:1  | Entered Level 1 of the Snake Pit
 24378 | Lair:3   | Received a gift from Okawaru
 24457 | Snake:1  | Noticed Donald
 25039 | Snake:1  | Received a gift from Okawaru
 25693 | Snake:1  | Reached skill level 9 in Conjurations
 25693 | Snake:1  | Reached skill level 9 in Hexes
 25693 | Snake:1  | Reached skill level 9 in Summonings
 25693 | Snake:1  | Reached skill level 9 in Necromancy
 25693 | Snake:1  | Reached skill level 9 in Translocations
 25693 | Snake:1  | Reached skill level 9 in Transmutations
 25693 | Snake:1  | Reached skill level 9 in Fire Magic
 25693 | Snake:1  | Reached skill level 9 in Ice Magic
 25693 | Snake:1  | Reached skill level 9 in Air Magic
 25693 | Snake:1  | Reached skill level 9 in Earth Magic
 25693 | Snake:1  | Reached skill level 9 in Poison Magic
 25748 | Snake:1  | Reached skill level 11 in Stealth
 25797 | Snake:1  | Upgraded the game from 0.30-a0-964-gd452b5e7fa to
                  | 0.30-a0-965-g42e074c17a
 25829 | Snake:1  | Found a runed translucent door.
 25830 | Snake:1  | Noticed Mavopan's ghost (adept FoHu)
 26154 | Snake:1  | Received a gift from Okawaru
 26539 | Snake:2  | Reached XP level 16. HP: 63/127 MP: 30/30
 26771 | Snake:2  | Found an ornate altar of the Wu Jian Council.
 26785 | Snake:2  | Reached skill level 11 in Short Blades
 26785 | Snake:2  | Reached skill level 11 in Long Blades
 26785 | Snake:2  | Reached skill level 11 in Axes
 26785 | Snake:2  | Reached skill level 11 in Maces & Flails
 26785 | Snake:2  | Reached skill level 11 in Polearms
 26785 | Snake:2  | Reached skill level 11 in Staves
 26785 | Snake:2  | Reached skill level 11 in Throwing
 26785 | Snake:2  | Reached skill level 11 in Armour
 26785 | Snake:2  | Reached skill level 11 in Shields
 26785 | Snake:2  | Reached skill level 11 in Unarmed Combat
 26785 | Snake:2  | Reached skill level 11 in Spellcasting
 26785 | Snake:2  | Reached skill level 11 in Evocations
 26936 | Snake:2  | Received a gift from Okawaru
 27078 | Snake:2  | Reached skill level 12 in Invocations
 27943 | Snake:3  | Received a gift from Okawaru
 27944 | Snake:3  | Reached skill level 12 in Fighting
 27944 | Snake:3  | Reached skill level 12 in Dodging
 28262 | Snake:3  | Found Gebolaq's General Store.
 28459 | Snake:3  | Identified the +6 shortbow of the Arcadian God {freeze,
                  | rPois rC+ Str+3}
 28471 | Snake:3  | Identified the +1 robe of Cut Jeec {Rampage Will+} (Okawaru
                  | gifted it to you on level 3 of the Snake Pit)
 28471 | Snake:3  | Received a gift from Okawaru
 29006 | Snake:3  | Learned a level 4 spell: Iskenderun's Mystic Blast
 29043 | Snake:4  | Entered Level 4 of the Snake Pit
 29328 | Snake:3  | Reached skill level 14 in Ranged Weapons
 29767 | Snake:4  | Noticed a nagaraja
 29775 | Snake:4  | Killed a nagaraja
 29803 | Snake:4  | Reached ****** piety under Okawaru
 30051 | Snake:4  | Identified the +1 ring mail "Estratat" {Contam Harm rPois
                  | Regen+}
 30703 | Snake:4  | Noticed a nagaraja
 30719 | Snake:4  | Killed a nagaraja
 30719 | Snake:4  | Received a gift from Okawaru
 30837 | Snake:4  | Received a gift from Okawaru
 31314 | Snake:4  | Reached skill level 12 in Stealth
 31314 | Snake:4  | Reached XP level 17. HP: 135/135 MP: 32/32
 31770 | Snake:4  | Reached skill level 10 in Conjurations
 31770 | Snake:4  | Reached skill level 10 in Hexes
 31770 | Snake:4  | Reached skill level 10 in Summonings
 31770 | Snake:4  | Reached skill level 10 in Necromancy
 31770 | Snake:4  | Reached skill level 10 in Translocations
 31770 | Snake:4  | Reached skill level 10 in Transmutations
 31770 | Snake:4  | Reached skill level 10 in Fire Magic
 31770 | Snake:4  | Reached skill level 10 in Ice Magic
 31770 | Snake:4  | Reached skill level 10 in Air Magic
 31770 | Snake:4  | Reached skill level 10 in Earth Magic
 31770 | Snake:4  | Reached skill level 10 in Poison Magic
 31860 | Snake:4  | Received a gift from Okawaru
 32014 | Snake:4  | Received a gift from Okawaru
 32111 | Snake:4  | Reached skill level 13 in Invocations
 32180 | Snake:4  | Reached skill level 12 in Short Blades
 32180 | Snake:4  | Reached skill level 12 in Long Blades
 32180 | Snake:4  | Reached skill level 12 in Axes
 32180 | Snake:4  | Reached skill level 12 in Maces & Flails
 32180 | Snake:4  | Reached skill level 12 in Polearms
 32180 | Snake:4  | Reached skill level 12 in Staves
 32180 | Snake:4  | Reached skill level 12 in Throwing
 32180 | Snake:4  | Reached skill level 12 in Armour
 32180 | Snake:4  | Reached skill level 12 in Shields
 32180 | Snake:4  | Reached skill level 12 in Unarmed Combat
 32180 | Snake:4  | Reached skill level 12 in Spellcasting
 32180 | Snake:4  | Reached skill level 12 in Evocations
 32753 | Snake:4  | Got a serpentine rune of Zot
 33038 | Abyss:3  | Noticed a Hell Sentinel
 33038 | Abyss:3  | Found a corrupted altar of Lugonu.
 33038 | Abyss:3  | Cast into level 3 of the Abyss (Louise)
 33057 | Abyss:3  | HP: 15/135 [Hell Sentinel/damnation (28)]
 33170 | Swamp:1  | Escaped the Abyss
 33202 | Swamp:1  | Killed Louise
 33202 | Swamp:1  | Received a gift from Okawaru
 33330 | Swamp:1  | Received a gift from Okawaru
 33787 | Swamp:2  | Found a transporter.
 33955 | Swamp:2  | Found a transporter.
 34028 | Swamp:2  | Reached skill level 13 in Fighting
 34028 | Swamp:2  | Reached skill level 13 in Dodging
 34073 | Swamp:2  | Found a sacrificial altar of Ru.
 34825 | Swamp:3  | Received a gift from Okawaru
 35205 | Swamp:4  | Entered Level 4 of the Swamp
 35273 | Swamp:4  | Received a gift from Okawaru
 35566 | Swamp:4  | Reached XP level 18. HP: 143/143 MP: 11/34
 35892 | Swamp:4  | Reached skill level 15 in Ranged Weapons
 35920 | Swamp:4  | Identified the +0 chain mail "Ziteox" {Harm Str+3} (Okawaru
                  | gifted it to you on level 4 of the Swamp)
 35920 | Swamp:4  | Received a gift from Okawaru
 36223 | Swamp:4  | Got a decaying rune of Zot
 36963 | D:14     | Identified the +7 scale mail of the Trilobite {Harm Will+
                  | Str+6}
 37138 | D:14     | Reached skill level 13 in Stealth
 37242 | D:15     | Entered Level 15 of the Dungeon
 37301 | D:15     | Found a radiant altar of Vehumet.
 37798 | D:15     | Reached skill level 11 in Conjurations
 37798 | D:15     | Reached skill level 11 in Hexes
 37798 | D:15     | Reached skill level 11 in Summonings
 37798 | D:15     | Reached skill level 11 in Necromancy
 37798 | D:15     | Reached skill level 11 in Translocations
 37798 | D:15     | Reached skill level 11 in Transmutations
 37798 | D:15     | Reached skill level 11 in Fire Magic
 37798 | D:15     | Reached skill level 11 in Ice Magic
 37798 | D:15     | Reached skill level 11 in Air Magic
 37798 | D:15     | Reached skill level 11 in Earth Magic
 37798 | D:15     | Reached skill level 11 in Poison Magic
 37798 | D:15     | Reached skill level 14 in Invocations
 37798 | D:15     | Reached XP level 19. HP: 151/151 MP: 35/35
 37887 | D:15     | Found a staircase to the Depths.
 38414 | D:11     | Reached skill level 13 in Short Blades
 38414 | D:11     | Reached skill level 13 in Long Blades
 38414 | D:11     | Reached skill level 13 in Axes
 38414 | D:11     | Reached skill level 13 in Maces & Flails
 38414 | D:11     | Reached skill level 13 in Polearms
 38414 | D:11     | Reached skill level 13 in Staves
 38414 | D:11     | Reached skill level 13 in Throwing
 38414 | D:11     | Reached skill level 13 in Armour
 38414 | D:11     | Reached skill level 13 in Shields
 38414 | D:11     | Reached skill level 13 in Unarmed Combat
 38414 | D:11     | Reached skill level 13 in Spellcasting
 38414 | D:11     | Reached skill level 13 in Evocations
 38422 | D:11     | Killed Erica
 38437 | Abyss:3  | Cast into level 3 of the Abyss (orc warrior)
 38487 | Abyss:3  | Found a corrupted altar of Lugonu.
 38497 | Orc:1    | Escaped the Abyss
 38541 | D:11     | HP: 25/151 [Jorgrun/+0 heavy quarterstaff (16)]
 38542 | D:11     | Killed Jorgrun
 38660 | Abyss:3  | Noticed a tentacled monstrosity
 38660 | Abyss:3  | Cast into level 3 of the Abyss (orc warrior)
 38673 | Abyss:3  | Killed a tentacled monstrosity
 38941 | Abyss:3  | Noticed a dread lich
 38955 | Abyss:3  | Paralysed by a dread lich for 5 turns
 38963 | Abyss:3  | Paralysed by a dread lich for 5 turns
 38970 | Abyss:3  | Paralysed by a dread lich for 4 turns
 39099 | Abyss:4  | Noticed a bone dragon
 39379 | Orc:1    | Escaped the Abyss
 39682 | Orc:2    | Entered Level 2 of the Orcish Mines
 39690 | Orc:2    | Found Paculom's General Store.
 39775 | Orc:1    | Received a gift from Okawaru
 39942 | Orc:2    | Bought a scroll of acquirement for 884 gold pieces
 39942 | Orc:2    | Acquired 829 gold pieces
 39985 | Orc:2    | Found a staircase to the Elven Halls.
 40069 | Orc:2    | Found Mypsa's Vocational Training.
 40144 | Orc:2    | Reached skill level 14 in Fighting
 40144 | Orc:2    | Reached skill level 14 in Dodging
 40148 | Orc:2    | Noticed Nessos
 40366 | Orc:2    | Killed Nessos
 40550 | Orc:2    | Received a gift from Okawaru
 40987 | Orc:2    | Found Ikhluduesu's General Store.
 40988 | Orc:2    | Found Sanimit's Book Emporium.
 40990 | Orc:2    | Found Rikop's Antique Armour Shoppe.
 40990 | Orc:2    | Found Tollin's Antique Weapon Shoppe.
 40995 | Orc:2    | Bought 2 potions of heal wounds for 130 gold pieces
 40995 | Orc:2    | Bought a scroll of blinking for 97 gold pieces
 40995 | Orc:2    | Bought a scroll of fog for 52 gold pieces
 40995 | Orc:2    | Bought a scroll of fear for 52 gold pieces
 41006 | Orc:2    | Bought a pair of polished boots for 275 gold pieces
 41006 | Orc:2    | Identified the +2 pair of boots "Ivvunguh" {Drain rPois
                  | Int+2 SInv} (You bought it in a shop on level 2 of the
                  | Orcish Mines)
 41541 | Depths:1 | Entered Level 1 of the Depths
 41550 | Depths:1 | Identified the +3 ring mail of the Fiddle {Harm rF- Will++
                  | rCorr} (Okawaru gifted it to you on level 1 of the Depths)
 41550 | Depths:1 | Received a gift from Okawaru
 41643 | Depths:1 | Reached XP level 20. HP: 132/159 MP: 37/37
 41881 | Depths:1 | HP: 34/138 [poisoned by a tengu reaver (bolt of poison)]
 41886 | Depths:1 | HP: 34/138 [poisoned by a tengu reaver (bolt of poison)]
 42110 | Depths:1 | HP: 25/142 [iron troll (18)]
 42145 | Depths:1 | HP: 27/143 [iron troll (10)]
 42672 | Depths:1 | Found a gateway to Hell.
 43055 | Depths:1 | Found a one-way gate leading to the halls of Pandemonium.
 43949 | Depths:2 | Acquired 760 gold pieces
 44224 | Depths:2 | Found a one-way gateway to a ziggurat.
 44323 | Depths:2 | Reached skill level 14 in Stealth
 44328 | Depths:2 | Received a gift from Okawaru
 44333 | Depths:2 | HP: 38/160 [??? (36)]
 44362 | Depths:2 | HP: 15/160 [ice dragon/blast of cold (39)]
 44632 | Depths:2 | Reached skill level 15 in Invocations
 44649 | Depths:2 | Reached skill level 16 in Ranged Weapons
 45021 | Depths:2 | Noticed Mara
 45051 | Depths:2 | Found the +15 Maxwell's patent armour {-Cast -Tele rElec
                  | Will+ rCorr}
 45074 | Depths:2 | Identified the +0 hat "Lang" {+Inv rPois Dex+3} (Okawaru
                  | gifted it to you on level 2 of the Depths)
 45074 | Depths:2 | Received a gift from Okawaru
 45274 | Depths:2 | Noticed a juggernaut
 45694 | Depths:2 | Reached skill level 14 in Short Blades
 45694 | Depths:2 | Reached skill level 14 in Long Blades
 45694 | Depths:2 | Reached skill level 14 in Axes
 45694 | Depths:2 | Reached skill level 14 in Maces & Flails
 45694 | Depths:2 | Reached skill level 14 in Polearms
 45694 | Depths:2 | Reached skill level 14 in Staves
 45694 | Depths:2 | Reached skill level 14 in Throwing
 45694 | Depths:2 | Reached skill level 14 in Armour
 45694 | Depths:2 | Reached skill level 14 in Shields
 45694 | Depths:2 | Reached skill level 14 in Unarmed Combat
 45694 | Depths:2 | Reached skill level 14 in Spellcasting
 45694 | Depths:2 | Reached skill level 14 in Evocations
 45978 | Depths:2 | Identified the +0 pair of gloves of Boiling Hail {rPois}
 46826 | Depths:2 | Reached skill level 12 in Conjurations
 46826 | Depths:2 | Reached skill level 12 in Hexes
 46826 | Depths:2 | Reached skill level 12 in Summonings
 46826 | Depths:2 | Reached skill level 12 in Necromancy
 46826 | Depths:2 | Reached skill level 12 in Translocations
 46826 | Depths:2 | Reached skill level 12 in Transmutations
 46826 | Depths:2 | Reached skill level 12 in Fire Magic
 46826 | Depths:2 | Reached skill level 12 in Ice Magic
 46826 | Depths:2 | Reached skill level 12 in Air Magic
 46826 | Depths:2 | Reached skill level 12 in Earth Magic
 46826 | Depths:2 | Reached skill level 12 in Poison Magic
 47071 | Depths:2 | Reached XP level 21. HP: 68/167 MP: 39/39
 47309 | Depths:3 | Found Gangaas's Assorted Antiques.
 47621 | Depths:3 | Received a gift from Okawaru
 47862 | Depths:3 | Noticed a golden dragon
 48297 | Depths:3 | Reached skill level 15 in Fighting
 48297 | Depths:3 | Reached skill level 15 in Dodging
 48326 | Depths:3 | Received a gift from Okawaru
 48510 | Depths:3 | Killed a golden dragon
 48542 | Depths:4 | Entered Level 4 of the Depths
 48840 | Depths:4 | Noticed a golden dragon
 48844 | Depths:4 | Received a gift from Okawaru
 48861 | Depths:3 | HP: 32/150 [golden dragon (24)]
 48863 | Depths:3 | Killed a golden dragon
 49236 | Depths:4 | Received a gift from Okawaru
 49403 | Depths:3 | Paralysed by a sphinx for 4 turns
 49613 | Depths:3 | HP: 40/168 [spriggan berserker/+0 scimitar (19)]
 49917 | Depths:4 | Found Daejem's Book Boutique.
 49917 | Depths:4 | Found Amamm's Jewellery Emporium.
 49918 | Depths:4 | Found Wehatose's Jewellery Emporium.
 50066 | Depths:4 | Received a gift from Okawaru
 50130 | Depths:4 | Identified the +4 whip of Subterfuge {chaos, +Blink}
 50151 | Depths:4 | Noticed a golden dragon
 50181 | Depths:3 | HP: 41/168 [quicksilver dragon (3)]
 50188 | Depths:3 | HP: 29/168 [quicksilver dragon (3)]
 50193 | Depths:3 | HP: 39/168 [quicksilver dragon (6)]
 50200 | Depths:3 | HP: 4/168 [quicksilver dragon/bolt of dispelling energy
                  | (28)]
 50206 | Depths:3 | HP: 39/168 [quicksilver dragon (8)]
 50342 | Depths:3 | Received a gift from Okawaru
 50383 | Depths:4 | Killed a golden dragon
 50569 | Depths:3 | HP: 30/168 [black draconian knight/+4 great sword of
                  | electrocution (16)]
 50937 | Depths:4 | Identified the +9 arbalest "Baocae" {penet, rC- Will+ Str+8
                  | Int+4}
 51053 | Depths:4 | Reached skill level 16 in Invocations
 51442 | Depths:4 | Noticed a golden dragon
 51461 | Depths:4 | Killed a golden dragon
 51461 | Depths:4 | Received a gift from Okawaru
 51622 | Depths:4 | Reached skill level 15 in Stealth
 51627 | Depths:4 | Noticed a caustic shrike
 51644 | Depths:4 | Killed a caustic shrike
 51690 | Depths:4 | HP: 21/169 [spriggan air mage/the air (31)]
 51695 | Depths:4 | HP: 13/169 [spriggan rider/+0 spear (14)]
 51703 | Depths:4 | HP: 17/169 [spriggan defender/+1 lajatang of venom (10)]
 51839 | Depths:4 | Noticed a juggernaut
 51999 | Depths:4 | HP: 6/138 [white very ugly thing (52)]
 52015 | Depths:3 | Reached XP level 22. HP: 21/149 MP: 34/40
 52142 | Depths:4 | Noticed a golden dragon
 52353 | Depths:4 | Killed a juggernaut
 52366 | Depths:4 | Received a gift from Okawaru
 52924 | Depths:3 | Upgraded the game from 0.30-a0-965-g42e074c17a to
                  | 0.30-a0-972-gf3ab3527aa
 53163 | Depths:3 | Received a gift from Okawaru
 53372 | Depths:4 | Reached skill level 15 in Short Blades
 53372 | Depths:4 | Reached skill level 15 in Long Blades
 53372 | Depths:4 | Reached skill level 15 in Axes
 53372 | Depths:4 | Reached skill level 15 in Maces & Flails
 53372 | Depths:4 | Reached skill level 15 in Polearms
 53372 | Depths:4 | Reached skill level 15 in Staves
 53372 | Depths:4 | Reached skill level 15 in Throwing
 53372 | Depths:4 | Reached skill level 15 in Armour
 53372 | Depths:4 | Reached skill level 15 in Shields
 53372 | Depths:4 | Reached skill level 15 in Unarmed Combat
 53372 | Depths:4 | Reached skill level 15 in Spellcasting
 53372 | Depths:4 | Reached skill level 15 in Evocations
 53698 | Depths:4 | Reached skill level 17 in Ranged Weapons
 53928 | Depths:3 | Killed a golden dragon
 54099 | Depths:4 | Identified the +0 robe of Veleh {Str+4} (Okawaru gifted it
                  | to you on level 4 of the Depths)
 54099 | Depths:4 | Received a gift from Okawaru
 54213 | Depths:4 | Found a gate to the Realm of Zot.
 54380 | Depths:4 | Identified the +8 morningstar of the Vanishing Beasts
                  | {vamp, Will- Str+3 Dex+5}
 54660 | Depths:4 | Noticed a golden dragon
 54687 | Depths:4 | Killed a golden dragon
 55013 | Depths:4 | Acquired the amulet of Fintaitu {Reflect rF+ rC+ SH+5}
 55471 | Depths:4 | Found the +3 pair of mountain boots {steadfast, rC+}
 55994 | Vaults:1 | Entered Level 1 of the Vaults
 56174 | Vaults:1 | Found a runed translucent door.
 56407 | Vaults:1 | Reached skill level 13 in Conjurations
 56407 | Vaults:1 | Reached skill level 13 in Hexes
 56407 | Vaults:1 | Reached skill level 13 in Summonings
 56407 | Vaults:1 | Reached skill level 13 in Necromancy
 56407 | Vaults:1 | Reached skill level 13 in Translocations
 56407 | Vaults:1 | Reached skill level 13 in Transmutations
 56407 | Vaults:1 | Reached skill level 13 in Fire Magic
 56407 | Vaults:1 | Reached skill level 13 in Ice Magic
 56407 | Vaults:1 | Reached skill level 13 in Air Magic
 56407 | Vaults:1 | Reached skill level 13 in Earth Magic
 56407 | Vaults:1 | Reached skill level 13 in Poison Magic
 56559 | Vaults:1 | Found Sitz's Jewellery Boutique.
 56559 | Vaults:1 | Found Inojomp's Antique Weapon Boutique.
 56584 | Vaults:1 | Found Puxebih's Armour Boutique.
 56787 | Vaults:1 | Found Plog's Antique Weapon Shoppe.
 57052 | Vaults:1 | Reached skill level 16 in Fighting
 57052 | Vaults:1 | Reached skill level 16 in Dodging
 57447 | Vaults:1 | Noticed Pixtaico's ghost (adept FeNe)
 57508 | Vaults:2 | Found a staircase to the Crypt.
 57508 | Vaults:2 | Found a basalt altar of Yredelemnul.
 57509 | Vaults:2 | Found an ancient bone altar of Kikubaaqudgha.
 57674 | Vaults:2 | HP: 20/178 [ironbound thunderhulk/bolt of lightning (46)]
 57896 | Vaults:2 | Received a gift from Okawaru
 57959 | Vaults:2 | Reached XP level 23. HP: 138/184 MP: 42/42
 58063 | Vaults:2 | Noticed Bai Suzhen
 58094 | Vaults:2 | HP: 18/184 [Bai Suzhen] (32)]
 58095 | Vaults:2 | Killed Bai Suzhen
 58096 | Vaults:2 | Reached skill level 17 in Invocations
 59132 | Vaults:3 | Reached skill level 16 in Stealth
 59193 | Vaults:3 | Found the +27 heavy crossbow "Sniper" {heavy, Acc+∞ SInv}
 59501 | Vaults:3 | Noticed Aizul
 59506 | Vaults:3 | Killed Aizul
 59634 | Vaults:3 | Received a gift from Okawaru
 59933 | Vaults:3 | Found Cioddod's Armour Emporium.
 60004 | Vaults:3 | Reached skill level 16 in Short Blades
 60004 | Vaults:3 | Reached skill level 16 in Long Blades
 60004 | Vaults:3 | Reached skill level 16 in Axes
 60004 | Vaults:3 | Reached skill level 16 in Maces & Flails
 60004 | Vaults:3 | Reached skill level 16 in Polearms
 60004 | Vaults:3 | Reached skill level 16 in Staves
 60004 | Vaults:3 | Reached skill level 16 in Throwing
 60004 | Vaults:3 | Reached skill level 16 in Armour
 60004 | Vaults:3 | Reached skill level 16 in Shields
 60004 | Vaults:3 | Reached skill level 16 in Unarmed Combat
 60004 | Vaults:3 | Reached skill level 16 in Spellcasting
 60004 | Vaults:3 | Reached skill level 16 in Evocations
 60647 | Vaults:4 | Found Loanag's Antique Armour Shop.
 60815 | Vaults:4 | Found Oranwusi's Jewellery Shoppe.
 60890 | Vaults:4 | Reached skill level 18 in Ranged Weapons
 61318 | Vaults:4 | Found a flickering gateway to a bazaar.
 61329 | Vaults:4 | Noticed Mennas
 61335 | Vaults:4 | Killed Mennas
 61336 | Vaults:4 | Reached XP level 24. HP: 175/193 MP: 43/43
 61736 | Vaults:4 | Identified the +8 scimitar of Sulphur {protect, Str+3}
 61776 | Vaults:4 | Found Noasuezio's Weapon Shop.
 61787 | Vaults:4 | Identified the +9 quarterstaff "Qeggo" {venom, rC+ Int+3
                  | Dex+3}
 62399 | Elf:1    | Entered Level 1 of the Elven Halls
 62517 | Elf:1    | Found Ciotz's Neck Hole.
 62551 | Elf:1    | Found Qankemm's Book Shop.
 62919 | Elf:1    | Reached skill level 17 in Fighting
 62919 | Elf:1    | Reached skill level 17 in Dodging
 62919 | Elf:1    | Reached skill level 14 in Conjurations
 62919 | Elf:1    | Reached skill level 14 in Hexes
 62919 | Elf:1    | Reached skill level 14 in Summonings
 62919 | Elf:1    | Reached skill level 14 in Necromancy
 62919 | Elf:1    | Reached skill level 14 in Translocations
 62919 | Elf:1    | Reached skill level 14 in Transmutations
 62919 | Elf:1    | Reached skill level 14 in Fire Magic
 62919 | Elf:1    | Reached skill level 14 in Ice Magic
 62919 | Elf:1    | Reached skill level 14 in Air Magic
 62919 | Elf:1    | Reached skill level 14 in Earth Magic
 62919 | Elf:1    | Reached skill level 14 in Poison Magic
 62919 | Elf:1    | Reached XP level 25. HP: 201/201 MP: 43/43
 62966 | Elf:1    | Identified the +3 spear "Regexyny" {flame, rElec Will+
                  | Dex+3 Stlth-}
 63063 | Elf:1    | Identified the +1 scale mail of Okawaru's Hope {rPois
                  | Str+4} (Okawaru gifted it to you on level 1 of the Elven
                  | Halls)
 63063 | Elf:1    | Received a gift from Okawaru
 63095 | Elf:1    | Found Lohoakli's Jewellery Shoppe.
 63233 | Elf:1    | Paralysed by an air elemental for 1 turns
 63504 | Elf:1    | Noticed Agnes
 63510 | Elf:1    | Killed Agnes
 63653 | Elf:1    | Found Jakhlich's Magic Scroll Shop.
 63664 | Elf:1    | Bought a scroll of brand weapon for 114 gold pieces
 63854 | Elf:2    | Noticed Azrael
 64098 | Elf:2    | Killed Azrael
 64474 | Elf:2    | Reached skill level 18 in Invocations
 64705 | Elf:2    | Found a runed translucent gate.
 64705 | Elf:2    | Found a runed translucent gate.
 64705 | Elf:2    | Found a runed translucent gate.
 65211 | Elf:2    | Found a runed translucent gate.
 65211 | Elf:2    | Found a runed translucent gate.
 65211 | Elf:2    | Found a runed translucent gate.
 66632 | Elf:3    | Entered Level 3 of the Elven Halls
 67390 | Elf:3    | Identified the +8 long sword of the Original Sin {flame,
                  | rPois Will+ Str+3 Dex-5}
 67679 | Elf:3    | Reached skill level 17 in Stealth
 68677 | Elf:3    | Identified the staff of earth "Afruroq" {Fragile rCorr
                  | Int+4}
 69155 | Elf:3    | Received a gift from Okawaru
 69157 | Elf:3    | Identified the ring of Meom {rPois rF- rCorr Int+2 Dex+2}
 69342 | Elf:3    | Identified the +0 helmet of Gyrghuo {Harm rN++ Slay+2
                  | Stlth-}
 69345 | Elf:3    | Identified the +0 pair of gloves of the Thinker {rN+ MP+9
                  | Str+5}
 69349 | Elf:3    | Identified the +6 rapier of Infection {flame, rC- rCorr
                  | Dex+4}
 69349 | Elf:3    | Identified the +8 chain mail of the Beggar {+Blink rF+++
                  | rC- Slay+2}
 69353 | Elf:3    | Got the Treatise on the Cloudy Singularity
 69361 | Elf:3    | Got Zunan's Spellbook of Mud and the Wind
 69432 | Elf:3    | Reached skill level 17 in Short Blades
 69432 | Elf:3    | Reached skill level 17 in Long Blades
 69432 | Elf:3    | Reached skill level 17 in Axes
 69432 | Elf:3    | Reached skill level 17 in Maces & Flails
 69432 | Elf:3    | Reached skill level 17 in Polearms
 69432 | Elf:3    | Reached skill level 17 in Staves
 69432 | Elf:3    | Reached skill level 17 in Throwing
 69432 | Elf:3    | Reached skill level 17 in Armour
 69432 | Elf:3    | Reached skill level 17 in Shields
 69432 | Elf:3    | Reached skill level 17 in Unarmed Combat
 69432 | Elf:3    | Reached skill level 17 in Spellcasting
 69432 | Elf:3    | Reached skill level 17 in Evocations
 69455 | Abyss:5  | Cast into level 5 of the Abyss (a deep elf demonologist)
 69456 | Abyss:5  | Found a corrupted altar of Lugonu.
 69490 | Abyss:5  | Gained mutation: Your body sometimes deteriorates upon
                  | taking damage. [a neqoxec]
 69606 | Abyss:5  | Got an abyssal rune of Zot
 69650 | Abyss:5  | Reached XP level 26. HP: 147/167 MP: 38/39
 69652 | Elf:3    | Escaped the Abyss
 70239 | Zot:1    | Entered Level 1 of the Realm of Zot
 70841 | Zot:1    | Received a gift from Okawaru
 70915 | Zot:1    | Received a gift from Okawaru
 70937 | Zot:1    | Reached skill level 19 in Ranged Weapons
 71772 | Zot:1    | Received a gift from Okawaru
 71982 | Zot:1    | Reached skill level 18 in Fighting
 71982 | Zot:1    | Reached skill level 18 in Dodging
 72187 | Zot:1    | Lost mutation: Your body sometimes deteriorates upon taking
                  | damage. [potion of mutation]
 72187 | Zot:1    | Gained mutation: You are agile. (Dex +4, Str/Int -1)
                  | [potion of mutation]
 72187 | Zot:1    | Gained mutation: Your flesh is heat resistant. (rF+)
                  | [potion of mutation]
 72187 | Zot:1    | Gained mutation: You have a pair of small antennae on your
                  | head. [potion of mutation]
 72187 | Zot:1    | Gained mutation: Your skin changes colour to match your
                  | surroundings (Stealth+). [potion of mutation]
 73576 | Zot:2    | Noticed a Killer Klown
 73579 | Zot:2    | Killed a Killer Klown
 74023 | Zot:2    | Reached skill level 19 in Invocations
 74261 | Zot:2    | Reached skill level 15 in Conjurations
 74261 | Zot:2    | Reached skill level 15 in Hexes
 74261 | Zot:2    | Reached skill level 15 in Summonings
 74261 | Zot:2    | Reached skill level 15 in Necromancy
 74261 | Zot:2    | Reached skill level 15 in Translocations
 74261 | Zot:2    | Reached skill level 15 in Transmutations
 74261 | Zot:2    | Reached skill level 15 in Fire Magic
 74261 | Zot:2    | Reached skill level 15 in Ice Magic
 74261 | Zot:2    | Reached skill level 15 in Air Magic
 74261 | Zot:2    | Reached skill level 15 in Earth Magic
 74261 | Zot:2    | Reached skill level 15 in Poison Magic
 74261 | Zot:2    | HP: 34/211 [red draconian scorcher/damnation (27)]
 74729 | Zot:2    | Received a gift from Okawaru
 74755 | Zot:2    | HP: 44/211 [purple draconian/+0 dire flail (22)]
 74762 | Zot:1    | HP: 52/316 [moth of wrath (4)]
 75393 | Zot:2    | Noticed a Killer Klown
 75398 | Zot:1    | Killed a Killer Klown
 75735 | Zot:2    | Identified the +0 rapier of Jepn {heavy, +Blink rF- Stlth+}
                  | (Okawaru gifted it to you on level 2 of the Realm of Zot)
 75735 | Zot:2    | Received a gift from Okawaru
 76109 | Zot:2    | Found a runed translucent gate.
 76109 | Zot:2    | Found a runed translucent gate.
 76109 | Zot:2    | Found a runed translucent gate.
 76111 | Zot:2    | Found an opulent altar of Gozag.
 76114 | Zot:2    | Noticed Xapeig's ghost (legendary GrAr)
 76227 | Zot:2    | Found Luestats's Changing Room.
 76263 | Zot:2    | Bought 2 potions of mutation for 272 gold pieces
 76263 | Zot:2    | Bought 2 potions of mutation for 272 gold pieces
 76483 | Zot:2    | Found Meeghuafu's Assorted Antiques.
 76564 | Zot:2    | Found Kerchipugh's Assorted Antiques.
 76707 | Zot:3    | Found the +4 dragonskin cloak
 76707 | Zot:3    | Noticed Tiamat
 76833 | Zot:2    | Learned a level 4 spell: Passage of Golubria
 77946 | Zot:3    | Killed Tiamat
 77951 | Zot:3    | Reached XP level 27. HP: 219/219 MP: 39/44
 77956 | Zot:3    | Reached skill level 18 in Stealth
 78717 | Zot:3    | Reached skill level 18 in Short Blades
 78717 | Zot:3    | Reached skill level 18 in Long Blades
 78717 | Zot:3    | Reached skill level 18 in Axes
 78717 | Zot:3    | Reached skill level 18 in Maces & Flails
 78717 | Zot:3    | Reached skill level 18 in Polearms
 78717 | Zot:3    | Reached skill level 18 in Staves
 78717 | Zot:3    | Reached skill level 18 in Throwing
 78717 | Zot:3    | Reached skill level 18 in Armour
 78717 | Zot:3    | Reached skill level 18 in Shields
 78717 | Zot:3    | Reached skill level 18 in Unarmed Combat
 78717 | Zot:3    | Reached skill level 18 in Spellcasting
 78717 | Zot:3    | Reached skill level 18 in Evocations
 78851 | Zot:3    | Received a gift from Okawaru
 79315 | Zot:4    | Noticed an orb of fire
 79316 | Zot:4    | Gained mutation: Your spells are a little easier to cast,
                  | but a little less powerful. [an orb of fire]
 79316 | Zot:4    | Gained mutation: You occasionally shout uncontrollably at
                  | your foes. [an orb of fire]
 79317 | Zot:4    | Killed an orb of fire
 79334 | Zot:4    | Identified the +6 great sword of the World {vamp, Int+2}
                  | (Okawaru gifted it to you on level 4 of the Realm of Zot)
 79334 | Zot:4    | Received a gift from Okawaru
 79674 | Zot:4    | Identified the ring of Pimoynes {Ice rCorr Int+5}
 79674 | Zot:4    | Noticed Josephina
 79680 | Zot:4    | Killed Josephina
 80716 | Zot:4    | HP: 53/219 [black draconian knight/bolt of lightning (15)]
 82144 | Zot:5    | Entered Level 5 of the Realm of Zot
 82834 | Zot:5    | Noticed an orb of fire
 82835 | Zot:5    | Noticed an orb of fire
 82835 | Zot:5    | Gained mutation: You are weak. (Str -2) [an orb of fire]
 82835 | Zot:5    | Gained mutation: Your spells are easier to cast, but less
                  | powerful. [an orb of fire]
 82837 | Zot:5    | Killed an orb of fire
 82838 | Arena    | Entered the Arena
 82838 | Arena    | Gained mutation: You sometimes lose your temper in combat.
                  | [an orb of fire]
 82840 | Arena    | Gained mutation: You are frail. (-10% HP) [an orb of fire]
 82840 | Arena    | Gained mutation: Armour fits poorly on your strangely
                  | shaped body. [an orb of fire]
 82842 | Arena    | Killed an orb of fire
 82843 | Arena    | Lost mutation: You have a pair of small antennae on your
                  | head. [potion of mutation]
 82843 | Arena    | Lost mutation: You are frail. (-10% HP) [potion of
                  | mutation]
 82843 | Arena    | Lost mutation: Your skin changes colour to match your
                  | surroundings (Stealth+). [potion of mutation]
 82843 | Arena    | Lost mutation: You are weak. (Str -2) [potion of mutation]
 82843 | Arena    | Gained mutation: You passively map a small area around you.
                  | [potion of mutation]
 82853 | Arena    | Lost mutation: Your flesh is heat resistant. (rF+) [potion
                  | of mutation]
 82853 | Arena    | Lost mutation: Armour fits poorly on your strangely shaped
                  | body. [potion of mutation]
 82853 | Arena    | Gained mutation: You have supernaturally acute eyesight.
                  | (SInv) [potion of mutation]
 82853 | Arena    | Gained mutation: You are dopey. (Int -2) [potion of
                  | mutation]
 82853 | Arena    | Gained mutation: You are very agile. (Dex +8, Str/Int -2)
                  | [potion of mutation]
 82854 | Arena    | Lost mutation: You have supernaturally acute eyesight.
                  | (SInv) [potion of mutation]
 82854 | Arena    | Lost mutation: You are very agile. (Dex +8, Str/Int -2)
                  | [potion of mutation]
 82854 | Arena    | Lost mutation: You passively map a small area around you.
                  | [potion of mutation]
 82854 | Arena    | Gained mutation: You have large cloven feet. [potion of
                  | mutation]
 82854 | Arena    | Gained mutation: You have extremely sharp teeth. [potion of
                  | mutation]
 82854 | Arena    | Gained mutation: Your spells are much easier to cast, but
                  | much less powerful. [potion of mutation]
 82854 | Arena    | Gained mutation: Your muscles are strong. (Str +4, Int/Dex
                  | -1) [potion of mutation]
 82855 | Arena    | Lost mutation: You are dopey. (Int -2) [potion of mutation]
 82855 | Arena    | Lost mutation: Your spells are much easier to cast, but
                  | much less powerful. [potion of mutation]
 82855 | Arena    | Lost mutation: Your muscles are strong. (Str +4, Int/Dex
                  | -1) [potion of mutation]
 82855 | Arena    | Gained mutation: You have a somewhat thin skeletal
                  | structure. (Dex +2, Stealth+) [potion of mutation]
 82855 | Arena    | Lost mutation: You occasionally shout uncontrollably at
                  | your foes. [potion of mutation]
 82855 | Arena    | Lost mutation: You have extremely sharp teeth. [potion of
                  | mutation]
 82855 | Arena    | Gained mutation: You have a pair of small horns on your
                  | head. [potion of mutation]
 82856 | Arena    | Lost mutation: You have a somewhat thin skeletal structure.
                  | (Dex +2, Stealth+) [potion of mutation]
 82856 | Arena    | Lost mutation: You have a pair of small horns on your head.
                  | [potion of mutation]
 82856 | Arena    | Lost mutation: Your spells are easier to cast, but less
                  | powerful. [potion of mutation]
 82856 | Arena    | Gained mutation: You are partially covered in iridescent
                  | scales. (AC +2) [potion of mutation]
 82856 | Arena    | Gained mutation: You are very agile. (Dex +8, Str/Int -2)
                  | [potion of mutation]
 82856 | Arena    | Gained mutation: Your mind is acute. (Int +4, Str/Dex -1)
                  | [potion of mutation]
 82857 | Arena    | Lost mutation: You have large cloven feet. [potion of
                  | mutation]
 82857 | Arena    | Lost mutation: You are partially covered in iridescent
                  | scales. (AC +2) [potion of mutation]
 82857 | Arena    | Lost mutation: Your spells are a little easier to cast, but
                  | a little less powerful. [potion of mutation]
 82857 | Arena    | Gained mutation: You have a pair of small antennae on your
                  | head. [potion of mutation]
 82863 | Zot:5    | HP: 50/220 [Orb Guardian (21)]
 82867 | Zot:5    | Noticed a dread lich
 82876 | Zot:5    | Killed a dread lich
 82876 | Zot:5    | Received a gift from Okawaru
 83268 | Zot:5    | Noticed a dread lich
 83269 | Zot:5    | Killed a dread lich
 83519 | Zot:5    | Lost mutation: You have a pair of small antennae on your
                  | head. [potion of mutation]
 83519 | Zot:5    | Lost mutation: You sometimes lose your temper in combat.
                  | [potion of mutation]
 83519 | Zot:5    | Gained mutation: You occasionally shout uncontrollably at
                  | your foes. [potion of mutation]
 83519 | Zot:5    | Gained mutation: You expend magic power (3 MP) to
                  | strengthen your wands. [potion of mutation]
 83519 | Zot:5    | Gained mutation: Your flesh is cold resistant. (rC+)
                  | [potion of mutation]
 83733 | Zot:5    | Reached skill level 20 in Ranged Weapons
 84031 | Zot:5    | Reached skill level 20 in Invocations
 84194 | Zot:5    | Reached skill level 19 in Fighting
 84194 | Zot:5    | Reached skill level 19 in Dodging
 84317 | Zot:5    | Noticed an orb of fire
 84318 | Zot:5    | Noticed an orb of fire
 84320 | Zot:5    | Lost mutation: Your flesh is cold resistant. (rC+) [an orb
                  | of fire]
 84324 | Zot:5    | Killed an orb of fire
 84324 | Zot:5    | Received a gift from Okawaru
 84392 | Zot:5    | Noticed an orb of fire
 84395 | Zot:5    | Killed an orb of fire
 85455 | Zot:5    | Noticed an orb of fire
 85456 | Zot:5    | Received a gift from Okawaru
 85457 | Zot:5    | Gained mutation: You occasionally lose the ability to drink
                  | potions when taking damage. [an orb of fire]
 85458 | Zot:5    | HP: 35/221 [??? (32)]
 85460 | Zot:5    | Killed an orb of fire
 85805 | Zot:5    | Lost mutation: You are very agile. (Dex +8, Str/Int -2)
                  | [potion of mutation]
 85805 | Zot:5    | Lost mutation: You occasionally shout uncontrollably at
                  | your foes. [potion of mutation]
 85805 | Zot:5    | Gained mutation: Your flesh is cold resistant. (rC+)
                  | [potion of mutation]
 85805 | Zot:5    | Gained mutation: You possess an exceptional clarity of
                  | mind. [potion of mutation]
 86463 | Zot:5    | Noticed an orb of fire
 86935 | Zot:5    | Received a gift from Okawaru
 87081 | Zot:5    | Lost mutation: You are agile. (Dex +4, Str/Int -1) [an orb
                  | of fire]
 87082 | Zot:5    | Gained mutation: You are somewhat resistant to further
                  | mutation. [an orb of fire]
 87084 | Zot:5    | Killed an orb of fire
 87366 | Zot:5    | Reached skill level 16 in Conjurations
 87366 | Zot:5    | Reached skill level 16 in Hexes
 87366 | Zot:5    | Reached skill level 16 in Summonings
 87366 | Zot:5    | Reached skill level 16 in Necromancy
 87366 | Zot:5    | Reached skill level 16 in Translocations
 87366 | Zot:5    | Reached skill level 16 in Transmutations
 87366 | Zot:5    | Reached skill level 16 in Fire Magic
 87366 | Zot:5    | Reached skill level 16 in Ice Magic
 87366 | Zot:5    | Reached skill level 16 in Air Magic
 87366 | Zot:5    | Reached skill level 16 in Earth Magic
 87366 | Zot:5    | Reached skill level 16 in Poison Magic
 88499 | Zot:5    | Got the Orb of Zot
 88682 | Depths:3 | Noticed Billuppe the pandemonium lord
 88701 | Depths:3 | HP: 50/222 [Billuppe the pandemonium lord (27)]
 88702 | Depths:3 | Killed Billuppe the pandemonium lord
 88702 | Depths:3 | HP: 15/222 [Orb Guardian (18)]
 88703 | Depths:3 | Reached skill level 19 in Stealth
 88757 | Depths:2 | Noticed Tikhleuta the pandemonium lord
 88758 | Depths:2 | HP: 38/222 [Tikhleuta the pandemonium lord/bolt of
                  | dispelling energy (13)]
 88763 | Depths:2 | HP: 26/222 [Tikhleuta the pandemonium lord] (2)]
 88764 | Depths:2 | Noticed an ancient lich
 88765 | Depths:2 | Killed Tikhleuta the pandemonium lord
 88765 | Depths:2 | HP: 12/222 [something (4)]
 88768 | Depths:2 | Killed an ancient lich
 88852 | D:15     | Noticed Buhal the pandemonium lord
 88885 | D:14     | Identified the +0 flail "Bovughekk" {heavy, *Corrode Int+7}
                  | (Okawaru gifted it to you on level 14 of the Dungeon)
 88885 | D:14     | Received a gift from Okawaru
 88986 | D:14     | Noticed Ziuh the pandemonium lord
 89183 | D:4      | Noticed Koenur the pandemonium lord
 89184 | D:3      | Found a hide-covered altar of Uskayaw.
 89184 | D:3      | Found a glowing golden altar of the Shining One.
 89247 | D:$      | Escaped with the Orb!

Illustrated notes

Levels and vault maps discovered:
D:1:      wander_arrival_desolate, layout_basic, palyth_stone_intersect
D:2:      minmay_wonky_spiral, layout_loops_corners, kennysheep_generic_room_3
D:3:      layout_rooms, nicolae_overflow_hidden_temple,
          dilly_ecumenical_altar_fadedgnrine, serial_shops, nicolae_square_shop
D:4:      layout_cave_pools, serial_column_ruins, column_ruins_hut,
          column_ruins_hut_water, column_ruins_grid_1, column_ruins_corridor_T,
          column_ruins_open_small_water, column_ruins_grid_1,
          column_ruins_corridor_dead_end, column_ruins_open_medium,
          gup_ossuary_entry_pyramid, kennysheep_generic_room_16
D:5:      layout_loops_ring, minmay_temple_entry_butterflies,
          gammafunk_ghost_abyssal_escape, grunt_decor_clamped,
          minmay_misc_feat_secret_circle, serial_bayou_crossing
D:6:      layout_basic, mainiacjoe_overflow_alcove_4, st_stairs_2
D:7:      layout_cave_pods, serial_column_ruins, column_ruins_hut,
          column_ruins_hut, column_ruins_corridor_corner, column_ruins_grid_3,
          column_ruins_corridor_corner, column_ruins_open_medium_water,
          column_ruins_grid_1, column_ruins_corridor_corner,
          gammafunk_ghost_smash, uniq_duvessa, uniq_maggie, uniq_pikel,
          uniq_menkaure
D:8:      layout_layer_cave, lemuel_round_altar, nicolae_ru_sacrificial_ziggurat
D:9:      layout_rooms, serial_shops, nicolae_shop_statue_plus, grunt_decor_cap,
          grunt_ministairs_15, uniq_maurice
D:10:     layout_loops_ring, fedhas_altar_3, cheibriados_altar_1,
          lair_entry_dummy, enter_bailey_5, dreamdust_mushroom_princess,
          kennysheep_cluttered_room, serial_park_tiny_2,
          minmay_tree_intersection
D:11:     layout_big_octagon, erik_orc_2
D:12:     layout_gridville
D:13:     doesnt_quadruple_sword, layout_gridville, minmay_checkerbox,
          uniq_sonja
D:14:     layout_grid_maze, lightli_vaults_fourway_checkpoint,
          nicolae_elyvilon_temple_path, serial_glass, glass_columns_b,
          glass_columns_b, uniq_snorg
D:15:     grunt_enter_depths_hoard, layout_loops_ring, nicolae_vehumet_radiance,
          gauntlet_entry_generic
Temple:   hellmonk_temple_divided_pantheon
Lair:1:   layout_chaotic_city
Lair:2:   layout_regular_city, nicolae_swamp_entry_spooky, st_stairs_4,
          chequers_serial_rivers_large_a
Lair:3:   layout_hall_layers, dummy_snake_entry, hellmonk_ghost_happy_afterlife,
          uniq_fannar
Lair:4:   layout_cave_pods
Lair:5:   cheibrodos_lair_end_hotspot, layout_cave_shapes, slime_entry_1,
          basic_altar
Swamp:1:  layout_basic_swamp, evilmike_swamp_ruin_house_5, swamp_pool3,
          uniq_frances, uniq_louise
Swamp:2:  gammafunk_worm_tunnel, layout_falls_marsh, lemuel_altar_in_water
Swamp:3:  layout_basic_swamp, hangedman_swamp_cone, swamp_pool1
Swamp:4:  swamp_fiery, layout_basic_swamp, infiniplex_staircase_pool
Snake:1:  layout_honeycomb, gammafunk_ghost_grave, uniq_donald
Snake:2:  layout_onion, basic_altar
Snake:3:  layout_honeycomb, serial_shops, nicolae_stop_n_shop_1,
          nicolae_snake_snakes_in_the_grass
Snake:4:  snake_pit_salamanders_mu, layout_misc_corridors
Orc:1:    layout_caves, portal_ice_cave_rime, special_room [special_room_orc],
          uniq_erica, uniq_jorgrun, uniq_urug
Orc:2:    st_orc_congregation, layout_caves, serial_shops, nicolae_shop_crystal,
          nicolae_shop_vocational, uniq_nessos
Elf:1:    layout_loops_corners, serial_shops,
          nicolae_shop_temple_entry_statues_fountains, nicolae_lakefront_shop,
          nicolae_shop_crystal, kennysheep_underground_church,
          nicolae_shop_sticking_my_neck_out, uniq_agnes
Elf:2:    elven_hall_of_blades_hangedman_original [nicolae_blade_bullseye],
          layout_geoelf_grid, nicolae_gammafunk_elf_defective_weapons_storage,
          uniq_azrael
Elf:3:    minmay_elf_hall_curves, layout_geoelf_castle
Vaults:1: ebering_ghost_reflecting_pool, ontoclasm_vaults_pinch,
          ontoclasm_vaults_loading_screen, hangedman_vaults_variations,
          nicolae_vaults_network_star, nicolae_vaults_triangles,
          hangedman_vaults_hard_town_square, vaults_dpeg_cross,
          nicolae_vaults_sealed_display, v_rooms_2, v_misc_8, v_misc_17,
          hangedman_vaults_trim, layout_vaults_ring, serial_shops,
          nicolae_shop_window_shopping
Vaults:2: minmay_crypt_entry_necro_gods, nicolae_vaults_an_arrangement,
          ontoclasm_vaults_misaligned, vaults_mumra_hex,
          nicolae_vaults_alarming, nicolae_vaults_shelves_hall,
          layout_vaults_big_room, uniq_bai_suzhen
Vaults:3: nicolae_vaults_circle_grid_a, minmay_guarded_unrand_secular_launcher,
          hangedman_vaults_corner_blocks, v_rooms_6,
          nicolae_vaults_diagonal_hallway_9, vaults_room_pool,
          grunt_vaults_hallway_short, v_misc_14, grunt_vaults_twisty,
          hangedman_vaults_corner, vaults_room_door_hall, grunt_vaults_focal,
          v_misc_29, nicolae_vaults_windows_and_doors_thing,
          layout_vaults_maze_bifur, serial_shops, nicolae_shop_statue_plus,
          uniq_aizul
Vaults:4: nicolae_vaults_rhombus_6, v_misc_22, nicolae_vaults_arrows,
          dpeg_vaults_monster_row, nicolae_vaults_hallways_thing, v_misc_15,
          ontoclasm_vaults_decontamination, vaults_room_corners,
          vaults_room_stairs_pillars, vaults_room_door_ring,
          hangedman_vaults_trim, layout_vaults_big_cross, serial_shops,
          bzr_entry_customers, shop, nicolae_square_shop, shop, uniq_mennas
Depths:1: layout_gridlike, minmay_misc_feat_room, pan_entry,
          hangedman_geh_valley, lemuel_freeze_loot_1, serial_bayou_shore_a
Depths:2: four-leaf_vault, layout_gridlike, enter_ziggurat_a,
          grunt_pan_entry_sceptre, hell_entry, minmay_staircase_statues,
          uniq_mara
Depths:3: nooodl_glass_maze, layout_cave_pools, pf_hell_entry_tar_spiral,
          minmay_room_of_horrors, infiniplex_staircase_pool_2, serial_shops,
          kennysheep_mini, pan_entry
Depths:4: lemuel_castle_with_subvaults [lemuel_castle_interior_carwin_2],
          layout_honeycomb, chequers_serial_rivers_micro_a, hell_entry,
          minmay_swirly_circle, minmay_shop_grove
Zot:1:    kennysheep_blocky_room, layout_gridlike
Zot:2:    grunt_zot_stairs_faceoff, layout_onion, ebering_ghost_gozag,
          nicolae_transmutations_shop
Zot:3:    layout_gridlike, uniq_tiamat
Zot:4:    layout_cathedral_of_symmetry, uniq_josephina
Zot:5:    layout_cathedral_of_symmetry

Skill      XL: |  1  2  3  4  5  6  7  8  9 10 11 12 13 14 15 16 17 18 19 20 21 22 23 24 25 26 27 |
---------------+----------------------------------------------------------------------------------+-----
Invocations    | 1 2 3 4 5 6 7 8 9 10 11 12 13 14 15 16 17 18 19 20 | 20.4
Short Blades   | 1 2 3 4 5 6 7 8 9 10 11 12 13 14 15 16 17 18 | 18.9
Long Blades    | 1 2 3 4 5 6 7 8 9 10 11 12 13 14 15 16 17 18 | 18.9
Axes           | 1 2 3 4 5 6 7 8 9 10 11 12 13 14 15 16 17 18 | 18.9
Maces & Flails | 1 2 3 4 5 6 7 8 9 10 11 12 13 14 15 16 17 18 | 18.9
Polearms       | 1 2 3 4 5 6 7 8 9 10 11 12 13 14 15 16 17 18 | 18.9
Staves         | 1 2 3 4 5 6 7 8 9 10 11 12 13 14 15 16 17 18 | 18.9
Throwing       | 1 2 3 4 5 6 7 8 9 10 11 12 13 14 15 16 17 18 | 18.9
Armour         | 1 2 3 4 5 6 7 8 9 10 11 12 13 14 15 16 17 18 | 18.9
Shields        | 1 2 3 4 5 6 7 8 9 10 11 12 13 14 15 16 17 18 | 18.9
Unarmed Combat | 1 2 3 4 5 6 7 8 9 10 11 12 13 14 15 16 17 18 | 18.9
Spellcasting   | 1 2 3 4 5 6 7 8 9 10 11 12 13 14 15 16 17 18 | 18.9
Evocations     | 1 2 3 4 5 6 7 8 9 10 11 12 13 14 15 16 17 18 | 18.9
Conjurations   | 1 2 3 4 5 6 7 8 9 10 11 12 13 14 15 16 | 16.1
Hexes          | 1 2 3 4 5 6 7 8 9 10 11 12 13 14 15 16 | 16.1
Summonings     | 1 2 3 4 5 6 7 8 9 10 11 12 13 14 15 16 | 16.1
Necromancy     | 1 2 3 4 5 6 7 8 9 10 11 12 13 14 15 16 | 16.1
Translocations | 1 2 3 4 5 6 7 8 9 10 11 12 13 14 15 16 | 16.1
Transmutations | 1 2 3 4 5 6 7 8 9 10 11 12 13 14 15 16 | 16.1
Fire Magic     | 1 2 3 4 5 6 7 8 9 10 11 12 13 14 15 16 | 16.1
Ice Magic      | 1 2 3 4 5 6 7 8 9 10 11 12 13 14 15 16 | 16.1
Air Magic      | 1 2 3 4 5 6 7 8 9 10 11 12 13 14 15 16 | 16.1
Earth Magic    | 1 2 3 4 5 6 7 8 9 10 11 12 13 14 15 16 | 16.1
Poison Magic   | 1 2 3 4 5 6 7 8 9 10 11 12 13 14 15 16 | 16.1
Stealth        | 3 4 5 6 7 8 9 10 11 12 13 14 15 16 17 19 | 19.0
Fighting       | 5 6 7 8 9 10 11 12 13 14 15 16 17 18 19 | 19.3
Dodging        | 5 6 7 8 9 10 11 12 13 14 15 16 17 18 19 | 19.3
Ranged Weapons | 9 10 11 12 13 14 15 16 17 18 19 20 | 20.4

Action                     |  1- 3 |  4- 6 |  7- 9 | 10-12 | 13-15 | 16-18 | 19-21 | 22-24 | 25-27 || total
---------------------------+-------+-------+-------+-------+-------+-------+-------+-------+-------++-------
  Melee: Longbow           |       |       |       |       |       |       |     2 |       |       ||     2
         Heavy crossbow    |       |       |       |       |       |       |       |       |    10 ||    10
         Bite              |       |       |       |       |       |       |       |       |     7 ||     7
         Arbalest          |       |       |       |       |       |       |       |       |     2 ||     2
   Fire: Shortbow          |    80 |   183 |   368 |  1060 |  2353 |  1129 |    28 |       |       ||  5201
         Longbow           |       |       |       |       |       |   843 |  2682 |   510 |       ||  4035
         Arbalest          |       |       |       |       |       |       |       |   722 |   143 ||   865
         Heavy crossbow    |       |       |       |       |       |       |       |   143 |   798 ||   941
   Cast: Passwall          |       |       |       |     3 |     4 |       |     5 |     1 |     8 ||    21
         Portal Projectile |       |       |       |       |    10 |    10 |    18 |    30 |    20 ||    88
         Blink             |       |       |       |       |     3 |     2 |     4 |     1 |     1 ||    11
         Teleport Other    |       |       |       |       |     1 |       |       |       |       ||     1
         Passage of Golubr |       |       |       |       |       |       |       |       |     3 ||     3
 Invoke: Heroism           |       |       |     1 |    15 |    15 |     8 |    22 |     8 |    11 ||    80
         Finesse           |       |       |       |     1 |     1 |       |     1 |       |     2 ||     5
         Duel              |       |       |       |       |       |       |       |       |     1 ||     1
  Evoke: Wand              |       |       |       |     6 |    20 |     2 |    26 |     1 |     2 ||    57
         Phial of floods   |       |       |       |       |       |       |       |       |     1 ||     1
    Use: Scroll            |       |    10 |     3 |    13 |    25 |     9 |     6 |     2 |     7 ||    75
         Potion            |       |       |       |     1 |     2 |     5 |    12 |     3 |    34 ||    57
 Armour: Ring mail         |     8 |    11 |    63 |    45 |       |       |       |       |       ||   127
         Acid dragon scale |       |       |       |    78 |       |       |       |       |       ||    78
         Troll leather arm |       |       |       |    51 |   492 |   240 |   552 |   193 |   115 ||  1643
         Quicksilver drago |       |       |       |       |       |       |       |       |   217 ||   217
  Dodge: Dodged            |     9 |    37 |   183 |   680 |  1842 |  1028 |  2068 |   970 |  1303 ||  8120
  Block: Other             |       |    12 |    59 |   177 |   426 |   212 |   391 |   169 |   199 ||  1645
         Reflection        |       |       |     5 |    12 |    30 |    23 |    12 |    17 |     3 ||   102

Table legend: (Time is in decaauts)
 A = Elapsed time spent in this place.
 B = Non-inter-level travel time spent in this place.
 C = Inter-level travel time spent in this place.
 D = Time resting spent in this place.
 E = Time spent auto-exploring this place.
 F = Levels seen in this place.
 G = Mean time per level.
                   A        B        C        D        E       F      G
               +--------+--------+--------+--------+--------+-----+--------+
         Total |  89635 |  84893 |   4742 |  35785 |  30471 |  56 | 1600.6 |
       Dungeon |  17792 |  15869 |   1923 |   2312 |  10002 |  15 | 1186.1 |
        Temple |     56 |     41 |     15 |      0 |      6 |   1 |   56.0 |
          Lair |   8400 |   7834 |    566 |   2541 |   3521 |   5 | 1680.0 |
         Swamp |   3772 |   3607 |    165 |    885 |   1678 |   4 |  943.0 |
     Snake Pit |   8465 |   8047 |    418 |   3259 |   2678 |   4 | 2116.2 |
  Orcish Mines |   2166 |   2024 |    142 |    635 |    741 |   2 | 1083.0 |
   Elven Halls |   7612 |   7291 |    321 |   4354 |   1889 |   3 | 2537.3 |
        Vaults |   6418 |   6172 |    246 |   1248 |   3369 |   4 | 1604.5 |
        Depths |  14104 |  13578 |    526 |   6744 |   3569 |   4 | 3526.0 |
           Zot |  19001 |  18585 |    416 |  13430 |   2766 |   5 | 3800.2 |
         Abyss |   1490 |   1490 |      0 |    263 |    128 |   7 |  212.9 |
       Ossuary |    330 |    330 |      0 |    100 |    120 |   1 |  330.0 |
         Arena |     23 |     23 |      0 |      9 |      0 |   1 |   23.0 |
               +--------+--------+--------+--------+--------+-----+--------+

Top non-repeatable levels by time:
   Zot:5: 6613 daAuts
Depths:4: 5518 daAuts
   Zot:2: 3816 daAuts
 Snake:4: 3532 daAuts
Depths:2: 3402 daAuts
Depths:3: 3274 daAuts
   Elf:3: 3208 daAuts
   Zot:1: 3155 daAuts
   Zot:3: 2796 daAuts
   Elf:2: 2665 daAuts
   Zot:4: 2619 daAuts
  Lair:2: 2243 daAuts
    D:11: 2016 daAuts
 Snake:1: 1993 daAuts
Depths:1: 1909 daAuts

Table legend:
 A = Kills in this place as a percentage of kills in the entire game.
 B = Kills by you in this place as a percentage of kills by you in the entire game.
 C = Kills by friends in this place as a percentage of kills by friends in the entire game.
 D = Other kills in this place as a percentage of other kills in the entire game.
 E = Experience gained in this place as a percentage of experience gained in the entire game.
 F = Experience gained in this place divided by the number of levels of this place that you have seen.
                   A       B       C       D       E      F
               +-------+-------+-------+-------+-------+----------------------
         Total | 100.0 | 100.0 |   N/A | 100.0 | 100.0 | 23136.5
       Dungeon |  19.7 |  19.7 |   N/A |  33.3 |   6.4 | 5561.3
          Lair |   7.2 |   7.2 |   N/A |   0.0 |   3.5 | 9044.8
         Swamp |   5.3 |   5.3 |   N/A |  33.3 |   4.7 | 15212.0
     Snake Pit |   8.8 |   8.8 |   N/A |   0.0 |   7.8 | 25135.0
  Orcish Mines |   7.3 |   7.3 |   N/A |   0.0 |   1.7 | 10702.5
   Elven Halls |   6.8 |   6.8 |   N/A |   0.0 |   7.9 | 34285.0
        Vaults |  14.2 |  14.2 |   N/A |   0.0 |  15.9 | 51593.2
        Depths |  13.2 |  13.2 |   N/A |  33.3 |  20.4 | 65939.8
           Zot |  12.7 |  12.7 |   N/A |   0.0 |  28.3 | 73223.2
         Abyss |   4.0 |   4.0 |   N/A |   0.0 |   3.1 | 5738.9
       Ossuary |   0.8 |   0.8 |   N/A |   0.0 |   0.0 | 153.0
         Arena |   0.0 |   0.0 |   N/A |   0.0 |   0.4 | 4779.0
               +-------+-------+-------+-------+-------+----------------------
